Workbook
Name a: #REF!
Name ads: #REF!
Name as: #REF!
Name asq: #REF!
Name asw: #REF!
Name asz: #REF!
Name Dimensión: Datos!$B$11:$B$15
Name Iniciativas_Objetivo1: Tabla6[Iniciativas_Objetivo1]
Name Iniciativas_Objetivo10: Datos!$N$11:$N$11
Name Iniciativas_Objetivo11: Datos!$O$11:$O$11
Name Iniciativas_Objetivo12: Datos!$P$11:$P$12
Name Iniciativas_Objetivo13: Datos!$Q$11:$Q$28
Name Iniciativas_Objetivo2: Tabla7[Iniciativas_Objetivo2]
Name Iniciativas_Objetivo3: Tabla3[Iniciativas_Objetivo3]
Name Iniciativas_Objetivo4: Tabla4[Iniciativas_Objetivo4]
Name Iniciativas_Objetivo5: Tabla5[Iniciativas_Objetivo5]
Name Iniciativas_Objetivo6: Datos!$J$11:$J$12
Name Iniciativas_Objetivo7: Datos!$K$11:$K$11
Name Iniciativas_Objetivo8: Datos!$L$11:$L$13
Name Iniciativas_Objetivo9: Datos!$M$11:$M$14
Name O: #REF!
Name Objetivos_Estratégicos: Datos!$C$11:$C$37
Name q: #REF!
Name s: #REF!
Name w: #REF!
Name z: #REF!

Sheet Instrucciones
D1: FORMATO SEGUIMIENTO PLAN DE ACCIÓN INSTITUCIONAL PROCESO DIRECCIONAMIENTO ESTRATÉGICO | K1: Código: FO-DE-029 Versión No.: 05 Vigencia desde: 10-01-2025
A4: INSTRUCTIVO PLAN DE ACCIÓN INSTITUCIONAL (PAI)
A6: Pestaña "PAI"
A8: Campo | C8: Conceptualización o explicación del campo | K8: Instrucción de diligenciamiento
A9: Numerador | C9: Corresponde a la parte superior de la fracción o fórmula, y responde al estado de avance del indicador analizado. | K9: Diligencie de manera númerica y acumulada el estado de avance de la actividad de acuerdo con lo descrito en la parte superior de la fórmula (Numerador). En caso que no se haya avanzado en la actividad, escriba el número cero y no deje vacío el campo. Este campo es de obligatorio diligenciamiento.
A10: Denominador | C10: Es la parte inferior de la fracción o fórmula, y corresponde al universo o meta sobre la cual se realizará la medición del indicador o actividad. | K10: En este espacio diligencie de manera númerica y acumulada la meta anual de la actividad o el valor del universo sobre el cual se realizará la medición de la actividad de acuerdo con lo descrito en la parte inferior de la fórmula (Denominador). No deje el campo en vacío. Este campo es de obligatorio diligenciamiento.
A11: Cumplimiento del indicador en el año | C11: Es el resultado de aplicar la fórmula del indicador, el cual indica a nivel porcentual (%) el grado de avance o cumplimiento acumulado de la actividad en el año, a corte del periodo analizado y con base en la meta establecida. | K11: Este campo es automático, por lo que no debe diligenciarlo o modificarlo.
A12: % Meta TX | C12: Pertenece al porcentaje (%) asignado o programado a cada corte de seguimiento trimestral como indicativo del porcentaje esperado en el estado de avance de las actividades formuladas. Teniendo en cuenta que cada seguimiento se realiza con una frecuencia trimestral y que en cada año se realizan cuatro (4) seguimientos, se distribuye el 100% esperado para la vigencia en partes iguales del 25%. Como los seguimientos son acumulados, el porcentaje asignado a cada corte de seguimiento trimestral son los siguientes: * A corte del trimestre No. 1 (T1) comprendido entre enero y marzo la meta es del 25%. * A corte del trimestre No. 2 (T2) comprendido entre enero y junio la meta es del 50%. * A corte del trimestre No. 3 (T3) comprendido entre enero y septiembre la meta es del 75%. * A corte del trimestre No. 4 (T4) comprendido entre enero y diciembre de cada anualidad la meta es del 100%. | K12: Este campo está predefinido de acuerdo con el corte de seguimiento, es decir, si es el seguimiento a corte del primer trimestre, este valor será del 25%; si es a corte del segundo trimestre será del 50%; si es a corte del tercer trimestre será del 75% y si a corte del cuarto trimestre este valor será del 100%. Este dato será registrado por parte de la Dirección de Planeación y Prospectiva, por lo cual no debe modificar este dato.
A13: Cumplimiento del indicador a corte del trimestre evaluado | C13: Complete al cumplimiento del indicador con relación al porcentaje (%) asignado o programado a cada corte trimestral (T1, T2, T3 y T4). Este resultado indica si los resultados de avance obtenidos en cada actividad o indicador tienen un buen o mal comportamiento de rendimiento en función del tiempo, es decir, si hay un atraso con los resultados que debería llevar al corte de seguimiento analizado o si por lo contrario hay resultados oportunos y eficientes en función del tiempo. Este cumplimiento representa una alerta para saber si se tiene un buen desempeño en función del tiempo así: * Si el resultado del indicador es inferior al 70%, el rendimiento de los resultados de las actividades no es óptimo. * Si el resultado del indicador se encuentra entre un 70% y 79%, el rendimiento de la actividad es promedio. * Si el resultado del indicador es igual o superior del 80%, el rendimiento de los resultados de la actividad son óptimos. | K13: Este campo es automático, por lo que no debe diligenciarlo o modificarlo.
A14: Análisis del indicador | C14: Concierne a la explicación de los resultados obtenidos en cada indicador, en donde se expone de manera cualitativa información clave y complementaria para mayor entendimiento del avance de cada actividad, fortalezas o logros obtenidos con la actividad ejecutada, o limitantes que se han tenido para tener un buen desempeño en la ejecución de la actividad, a fin de tomar decisiones preventivas o correctivas a nivel estratégico. | K14: Explique el resultado del indicador de manera cualitativa brindado información clave y complementaria que explique dicho resultado; fortalezas o logros obtenidos con la actividad ejecutada, o limitantes que no han permitido un buen desempeño de la actividad. En caso que la actividad no haya iniciado, explique las razones por las cuales no se ha ejecutado la actividad. Este campo es de obligatorio diligenciamiento.
A15: Observaciones | C15: Es el espacio contemplado para establecer acciones de mejora en los casos que el cumplimiento del indicador a corte del trimestre evaluado sea inferior al 70%, es decir, su rendimiento de resultados en función del tiempo no es óptimo. Estos insumos son socializados al Comité Directivo a fin de que conozcan las razones de indicadores con bajo desempeño y validar y aprobar solicitudes de cambios al Plan de Acción Institucional. | K15: Si el indicador a corte del trimestre evaluado (Columna S) presenta un cumplimiento menor al 70% indique las actividades que se realizarán para cumplir la meta establecida y mejorar el desempeño del indicador. Adicionalmente y en caso de identificar necesidades de modificación o eliminación al indicador, por favor registre la solicitud en este espacio, junto con la respectiva justificación y propuesta en caso de ser necesario.

Sheet PAI
D1: FORMATO SEGUIMIENTO PLAN DE ACCIÓN INSTITUCIONAL PROCESO DIRECCIONAMIENTO ESTRATÉGICO | N1: Código: FO-DE-029 Versión No.: 05 Vigencia desde: 10 – 01 – 2025
A4: PLAN DE ACCIÓN INSTITUCIONAL (PAI) SOCIEDAD DE ACTIVOS ESPECIALES S.A.S.
A6: Alineación estratégica y táctica | E6: Alineación Operativa | I6: Clasificación de indicadores | L6: Información complementaria del indicador | O6: Seguimiento cuantitativo del indicador | R6: Alerta de desempeño al corte evaluado | T6: Análisis cualitativo del indicador
A7: ID | B7: Dimensión | C7: Objetivos estratégicos | D7: Iniciativas | E7: Acciones | F7: Proceso | G7: Área responsable de la ejecución | H7: Nombre del indicador | I7: Según su ubicación en la cadena de valor público | J7: Según su naturaleza | K7: Según su programación | L7: Fórmula para medir el indicador | M7: Descripción del indicador | N7: Meta 2025 | O7: Numerador | P7: Denominador | Q7: Cumplimiento del indicador en el año | R7: % Meta T2 | S7: Cumplimiento del indicador a corte del trimestre evaluado | T7: Análisis del indicador | U7: Observaciones
A8: T1 | B8: Productiva, social y ambiental | C8: 01. Democratizar los activos administrados por la SAE a través de mecanismos de disposición temporal y definitiva que permitan la creación de valor público, social y ambiental; aporten al desarrollo territorial y productivo y garanticen la función social y ecológica de la propiedad. | D8: Adelantar entrega de activos por mecanismos de disposición temporal y/o definitiva, priorizando los procesos productivos, sociales, ambientales, así como la atención ante emergencias y desastres producto de fenómenos de variabilidad climática | E8: Democratizar inmuebles rurales sociales para el fomento de la economía popular, la reforma agraria o el valor público, social y ambiental. | F8: Disposición o democratización final de activos | G8: Dirección de Gobierno, Control y Democratización de Sociedades | H8: Tierras sociales para la paz | I8: Producto | J8: Eficacia | K8: Programación anual | L8: (Número de hectáreas de inmuebles sociales democratizadas en el marco de la estrategia de tierras para la paz / Número de hectáreas de inmuebles sociales programadas para entrega en la vigencia) * 100% | M8: Objetivo del indicador: medir el grado de avance de entrega de tierras sociales para la paz bajo los mecanismos establecidos. Numerador: corresponde al número de hectáreas de inmuebles sociales entregadas mediante transferencias definitivas de inmuebles sociales extintos, ventas a la ANT, entrega al FRV, entrega de derechos de uso u otros esquemas de administración, que cuenten con acto administrativo o figura jurídica suscrita. Denominador: corresponde al número de hectáreas de inmuebles sociales programados para entrega en la vigencia 2025 que fomenten la economía popular, la reforma agraria y en general el programa de acceso a tierras. | N8: 5000 | O8: 0.055106 | P8: 5000 | Q8: 1.10212e-05 | R8: 0.5 | S8: 2.20424e-05 | T8: El cálculo de las hectáreas de tierra entregadas a la estrategia de tierras sociales para la paz incluye tanto las ventas gestionadas por la Gerencia de Comercialización de Activos Sociales como las entregas realizadas a la Unidad para las Víctimas, en el primer trimestre se realizaron entregas al FRV de la sociedad CIPRES ASOCIADOS S A S: FMI Medida 50C-1699374 11.05 M2 50C-1699376 11.72 M2 50C-1699377 11.72 M2 50C-1699400 11.15 M2 50C-1699401 11 M2 50C-1699402 11.2 M2 50C-1699403 11.2 M2 50C-1699406 11.25 M2 50C-1699407 11.13 M2 50C-1699408 11.15 M2 50C-1699409 11 M2 50C-1699423 12.85 M2 50C-1699424 12.85 M2 50C-1699550 401.79 M2 Total 551.06 M2 0,055106 Ha Respecto al segundo trimestre no se realizaron entregas que aporten a la estrategia. | U8: El FRV informó las fechas sobre la disponibilidad para la recepción de la sociedad FRIGORIFICO DEL CAUCA S.A.S. y TANZANIA SAS, las cuales se realizan en el tercer trimestre del año. En cuanto a las hectáreas que se entregan a la ANT, se han evidenciado procesos de saneamiento extensos, por lo que no es viable cumplir con la meta de 5,000 hectáreas. En el segundo trimestre no se realizaron entregas a ANT. Se solicita realizar el ajuste de la meta a 1,000 hectáreas, teniendo en cuenta que dependemos de terceros.
A9: T2 | B9: Productiva, social y ambiental | C9: 01. Democratizar los activos administrados por la SAE a través de mecanismos de disposición temporal y definitiva que permitan la creación de valor público, social y ambiental; aporten al desarrollo territorial y productivo y garanticen la función social y ecológica de la propiedad. | D9: Adelantar entrega de activos por mecanismos de disposición temporal y/o definitiva, priorizando los procesos productivos, sociales, ambientales, así como la atención ante emergencias y desastres producto de fenómenos de variabilidad climática | E9: Presentar casos de destinación definitiva de inmuebles rurales, priorizando aquellos que contribuyen a la reforma agraria, al fomento de la economía popular y a la generación de valor público, social o ambiental. | F9: Disposición o democratización final de activos | G9: Dirección para la Democratización de Activos Inmuebles Rurales | H9: Trámite de destinaciones definitivas de Inmuebles Rurales no Sociales | I9: Gestión | J9: Eficacia | K9: Programación anual | L9: (Número de folios de matrícula de inmuebles rurales no sociales gestionados para destinación definitiva / Número de folios de matrícula viables solicitados para destinación definitiva) * 100% | M9: Objetivo del indicador: medir la gestión de las solicitudes de folios de matrícula de inmuebles rurales no sociales para el mecanismo de destinación definitiva gratuita prevista en la ley. Numerador: total de folios de matrícula de inmuebles rurales no sociales gestionados para destinación definitiva gratuita. Denominador: corresponde a los folios de matrícula de inmuebles rurales no sociales con solicitudes de destinación definitiva que se consideran viables de acuerdo con la metodología y procedimientos. Observación: se hace necesario indicar en el análisis del indicador, las destinaciones definitivas aprobadas como insumo para la medición de la meta estratégica "Destinaciones de inmuebles al fomento de la economía popular y reforma agraria" | N9: 100 | O9: 39 | P9: 100 | Q9: =O9/P9 -> 0.39 | R9: 0.5 | S9: 1 | T9: Primer trimestre: De las 15 solicitudes que se presentaron por las diferentes entidades en el primer trimestre del año, se evidenciaron que jurídicamente 2, no eran viables para ello. De las 13 restantes, tenemos: 1. Con expedición de acto administrativo 2 FMI. 2. En proceso de alistamiento 5: Sobre los cuales nos encontramos en el proceso de realización de fichas técnicas, y a la espera del pronunciamiento de ANT (en los casos que proceda). 2. En saneamiento jurídico 2. 3. Solicitados a Jurídica para elaboración de acto administrativo 4. Segundo trimestre: Fueron recibidas 9 solicitudes, preliminarmente las 9 viables, encontrándose a la fecha en proceso de alistamiento. | U9: Se evidenció un error de digitación en la formula del indicador. Se observa que en numerador y el denominador están invertidos, por lo tanto, para el segundo trimestre de 2025 se realiza el reporte ajustado. Adicionalmente, se informa que el cambio de los indicaciones fue solicitado por la Dirección de Rurales en el primer trimestre para aplicación desde el segundo trimestre, por lo tanto deberían estará actualizados.
A10: T3 | B10: Productiva, social y ambiental | C10: 01. Democratizar los activos administrados por la SAE a través de mecanismos de disposición temporal y definitiva que permitan la creación de valor público, social y ambiental; aporten al desarrollo territorial y productivo y garanticen la función social y ecológica de la propiedad. | D10: Adelantar entrega de activos por mecanismos de disposición temporal y/o definitiva, priorizando los procesos productivos, sociales, ambientales, así como la atención ante emergencias y desastres producto de fenómenos de variabilidad climática | E10: Democratizar inmuebles urbanos para el fortalecimiento, creación de valor público, social, ambiental y leyes especiales | F10: Disposición temporal de activos no sociales | G10: Dirección para la Democratización de Activos Inmuebles Urbanos | H10: Disposición temporal de inmuebles urbanos para el fortalecimiento, creación de valor público, social, ambiental y leyes especiales | I10: Producto | J10: Eficacia | K10: Programación anual | L10: (Número de inmuebles urbanos aprobados para entrega en disposición temporal en el marco del fortalecimiento, creación de valor público, social, ambiental y leyes especiales / Número de inmuebles urbanos solicitados para entrega en disposición temporal para el fortalecimiento y creación de valor público, social, ambiental y leyes especiales) * 100% | M10: Objetivo del indicador: Medir la aprobación de inmuebles urbanos para destinación efectiva bajo el mecanismo de disposición temporal en el marco del fortalecimiento, creación de valor público, social, ambiental y leyes especiales. Numerador: corresponden a los inmuebles urbanos aprobados por comité para su asignación bajo el mecanismo de disposición temporal a Organizaciones Sociales o Entidades Públicas en el marco del fortalecimiento, creación de valor público, social, ambiental y leyes especiales. Denominador: corresponde a los inmuebles urbanos solicitados en el marco del fortalecimiento, creación de valor público, social, ambiental y leyes especiales. Estas solicitudes deben ser allegadas por los canales oficiales de comunicación de SAE y cumplir los requerimientos exigibles (Formularios, información completa, soportes). | N10: 35 | O10: 9 | P10: 35 | Q10: 0.25714286 | R10: 0.5 | S10: 0.51428571 | T10: La Dirección para la Democratización de Activos Inmuebles Urbanos en su proceso ajuste para el segundo trimestre adelanto 5 casos para presentación y aprobación ante comité Por otra parte, y con el fin de adoptar de mejor manera los lineamientos de Presidencia y la Dirección de Proyectos Especiales | U10: Se resalta que la Dirección para el presente trimestres ajusto sus procesos internos con el fin de poder generar mayores resultados en las metas propuesta y se adelantaron rutas de trabajo para la mejora de los tiempos con el fin de optimizar en proceso y contar con un avance significativo en el tercer semestre.
A11: T4 | B11: Productiva, social y ambiental | C11: 01. Democratizar los activos administrados por la SAE a través de mecanismos de disposición temporal y definitiva que permitan la creación de valor público, social y ambiental; aporten al desarrollo territorial y productivo y garanticen la función social y ecológica de la propiedad. | D11: Adelantar entrega de activos por mecanismos de disposición temporal y/o definitiva, priorizando los procesos productivos, sociales, ambientales, así como la atención ante emergencias y desastres producto de fenómenos de variabilidad climática | E11: Democratizar inmuebles urbanos para el fortalecimiento, creación de valor público, social, ambiental y leyes especiales | F11: Disposición o democratización final de activos | G11: Dirección para la Democratización de Activos Inmuebles Urbanos | H11: Gestión de viabilidades de inmuebles urbanos para la Destinación definitiva en el marco del fortalecimiento, creación de valor público, social, ambiental y leyes especiales. | I11: Producto | J11: Eficacia | K11: Programación anual | L11: (Número de inmuebles urbanos aprobados para entrega en disposición temporal en el marco del fortalecimiento, creación de valor público, social, ambiental y leyes especiales / Número de inmuebles urbanos solicitados para entrega en disposición temporal para el fortalecimiento y creación de valor público, social, ambiental y leyes especiales) * 100% | M11: Objetivo del indicador: Medir la realización de solicitudes de viabilidad, de inmuebles urbanos para destinación efectiva bajo el mecanismo de disposición definitiva en el marco del fortalecimiento, creación de valor público, social, ambiental y leyes especiales. Numerador: corresponden a las solicitudes viabilidades jurídicas, administrativas y técnicas de los inmuebles urbanos susceptibles de Destinación Definitiva en el marco del fortalecimiento, creación de valor público, social, ambiental y leyes especiales. Denominador: corresponde a los inmuebles urbanos solicitados en el marco del fortalecimiento, creación de valor público, social, ambiental y leyes especiales. Estas solicitudes deben ser allegadas por los canales oficiales de comunicación de SAE y cumplir los requerimientos exigibles (Formularios, información completa, soportes). | N11: 70 | O11: 27 | P11: 70 | Q11: 0.38571429 | R11: 0.5 | S11: 0.77142857 | T11: La Dirección para la Democratización de Activos Inmuebles Urbanos adelanto acciones para la priorización de acciones con universidades, entidades públicas y organizaciones sociales realizando el trámite para : 13 FMI con el fin de mejorar de los tiempos asignados a las solicitudes y a los requerimientos de las mismas. | U11: Se resalta que la Dirección para el presente trimestres ajusto sus procesos internos con el fin de poder generar mayores resultados en las metas propuesta
A12: T5 | B12: Productiva, social y ambiental | C12: 01. Democratizar los activos administrados por la SAE a través de mecanismos de disposición temporal y definitiva que permitan la creación de valor público, social y ambiental; aporten al desarrollo territorial y productivo y garanticen la función social y ecológica de la propiedad. | D12: Adelantar entrega de activos por mecanismos de disposición temporal y/o definitiva, priorizando los procesos productivos, sociales, ambientales, así como la atención ante emergencias y desastres producto de fenómenos de variabilidad climática | E12: Democratizar bienes muebles para el fomento de la economía popular | F12: Disposición o democratización final de activos Disposición temporal de activos no sociales | G12: Dirección para la Democratización de Activos Muebles | H12: Democratización de bienes muebles para el fomento de la economía popular | I12: Producto | J12: Eficacia | K12: Programación anual | L12: (Número de bienes muebles democratizados para el fomento de la economía popular / Número de bienes muebles programados para el fomento de la economía popular) * 100% | M12: Objetivo del indicador: medir el número de bienes entregados bajo mecanismos de disposición temporal y/o final por parte de la Dirección para la Democratización de Activos Muebles, para el fomento de la economía popular o la creación de valor público, social o ambiental. Numerador: corresponde al número de bienes muebles que se entregan bajo mecanismos de disposición temporal y/o final (Cuentas por participación, comodato, donaciones, destinaciones temporales y definitivas, entre otros esquemas) para el fomento de la economía popular o la creación de valor público, social o ambiental, a organizaciones comunitarias, organizaciones sin ánimo de lucro, entidades públicas u otro actor permitido y priorizado por la entidad. El número de bienes muebles se consideran entregados cuando estos cuentan con resolución expedida de entrega. Denominador: corresponde al número de bienes muebles que se tienen programados para entrega bajo cualquier mecanismo de disposición temporal y/o definitiva para el fomento de la economía popular o la creación de valor público, social o ambiental. Observación: un ejemplo del alcance de este indicador aplicaría para el transporte de insumos, mano de obra o herramientas en el marco de proyectos ambientales, productivos o sociales. | N12: 60 | O12: 14 | P12: 60 | Q12: 0.23333333 | R12: 0.5 | S12: 0.46666667 | T12: El incumplimiento en el indicador obedece a la demora de las mismas entidades solicitante para reunir los requisitos de ley para acceder al bien | U12: aunque se tiene una alta volumetría de solicitudes la mayoría de ESALES, no avanzan tan rápido porque su proceso de revisión es mas complejo por el riesgo lo que demora el éxito de la destinación y en muchos casos no pasa el requisito de debida diligencia.
A13: T6 | B13: Productiva, social y ambiental | C13: 01. Democratizar los activos administrados por la SAE a través de mecanismos de disposición temporal y definitiva que permitan la creación de valor público, social y ambiental; aporten al desarrollo territorial y productivo y garanticen la función social y ecológica de la propiedad. | D13: Adelantar entrega de activos por mecanismos de disposición temporal y/o definitiva, priorizando los procesos productivos, sociales, ambientales, así como la atención ante emergencias y desastres producto de fenómenos de variabilidad climática | E13: Democratizar bienes muebles para uso oficial o institucional | F13: Disposición o democratización final de activos Disposición temporal de activos no sociales | G13: Dirección para la Democratización de Activos Muebles | H13: Democratización de bienes muebles para uso institucional | I13: Producto | J13: Eficacia | K13: Programación anual | L13: (Número de bienes muebles democratizados para uso oficial o institucional / Número de bienes muebles programados para entrega y uso oficial o institucional) * 100% | M13: Objetivo del indicador: medir el número de bienes entregados bajo mecanismos de disposición temporal y/o final por parte de la Dirección para la Democratización de Activos Muebles, para el uso oficial o institucional. Numerador: corresponde al número de bienes muebles que se entregan bajo mecanismos de disposición temporal y/o final (Cuentas por participación, comodato, donaciones, destinaciones temporales o definitivas, entre otros esquemas) para el uso oficial o institucional. El número de bienes muebles se consideran entregados cuando estos cuentan con resolución expedida de entrega. Observación: un ejemplo del alcance de este indicador aplicaría para el desarrollo de actividades administrativas o de transporte institucional de uso oficial del estado. | N13: 80 | O13: 45 | P13: 80 | Q13: 0.5625 | R13: 0.5 | S13: 1 | T13: El indicador va cumpliendo la meta establecida toda vez que para las entidades de orden nacional y territorial cuentan con mas facilidad de acceso a las pólizas colectivas de seguros.
A14: T7 | B14: Productiva, social y ambiental | C14: 01. Democratizar los activos administrados por la SAE a través de mecanismos de disposición temporal y definitiva que permitan la creación de valor público, social y ambiental; aporten al desarrollo territorial y productivo y garanticen la función social y ecológica de la propiedad. | D14: Garantizar la inclusión de comunidades, organizaciones sociales y economías populares en condición de vulnerabilidad en los mecanismos de administración existentes | E14: Evaluar la gestión realizada por los depositarios provisionales que tienen a cargo la administración de inmuebles urbanos y/o rurales no sociales | F14: Disposición temporal de activos no sociales | G14: Gerencia de Depositarios, Mandatarios y Liquidadores | H14: Implementación del sistema para la evaluación de la gestión de los depositarios provisionales de inmuebles urbanos y/o rurales no sociales | I14: Gestión | J14: Eficacia | K14: Programación anual | L14: (Fases del proceso de desarrollo del sistema Scoring implementadas / Fases del procesos de desarrollo del sistema Scoring planeadas) * 100% | M14: Objetivo del indicador: Controlar el proceso de evaluación estandarizado sobre los depositarios provisionales y populares vigentes que administran inmuebles urbanos y/o rurales no sociales. Numerador: Corresponde al número de fases de desarrollo del sistema de evaluación implementadas para la evaluación realizada sobre los depositarios provisionales vigentes a cargo de la administración de inmuebles urbanos y/o rurales no sociales, con base en sus responsabilidades y la productividad de los activos asignados. Esta evaluación incluye la revisión del puntaje de calificación al depositario y la revisión de cumplimiento y obligaciones mes a mes con base a la información reportada en el scoring. Denominador: Corresponde a las fases de desarrollo necesarias para el completo funcionamiento del sistema de evaluación Scoring, tomando como 100% la total implementación y uso efectivo del sistema. | N14: 1 | O14: 2 | P14: 5 | Q14: 0.4 | R14: 0.5 | S14: 0.8 | T14: A lo largo del año 2025 se han completado 2 fases de las 5 planificadas (Análisis del requerimiento, diseño scoring, programación scoring, pruebas scoring e implementación). estacándose la reestructuración del módulo de visitas en SIGMA 2.0 con ajustes en formularios y paneles para optimizar la gestión de los Depositarios de inmuebles no sociales, alineados con las reglas de negocio. Se busca eliminar reprocesos en el cargue de información eliminando la necesidad de enviar informes de gestión en Excel vía correos electrónicos. Este avance permitirá limitar la cantidad de documentos repetidos y reprocesos innecesarios Como limitante, se identifican posibles problemas al realizar integración con sistemas financieros SIGMA 1.5, requiriendo coordinación con TI para estandarizar APIs (Q3-2025), aunque sin comprometer la meta del 100% para 2025.
A15: T8 | B15: Productiva, social y ambiental | C15: 02. Fomentar las economías populares y comunitarias a partir de proyectos estratégicos que generen valor público, social y ambiental. | D15: Implementar proyectos estratégicos con enfoque productivo, social y ambiental que permitan la creación de valor. | E15: Acompañar el desarrollo de perfiles de proyectos en o con activos de la SAE (En cualquier fase del ciclo de vida del proyecto) | F15: Direccionamiento Estratégico | G15: Dirección de Proyectos | H15: Acompañamiento para el acceso a activos del FRISCO a organizaciones sociales direccionadas por entidades y agencias de orden nacional y territorial. | I15: Gestión | J15: Eficacia | K15: Programación anual | L15: (Número de organizaciones acompañadas / Número de organizaciones programadas a acompañar) * 100% | M15: Objetivo del indicador: medir el acompañamiento realizado por la Dirección de Proyectos a las organizaciones sociales en cada una de las etapas de la ruta de acceso a los activos administrados por la SAE y que son direccionadas y priorizadas por entidades públicas, previo cumplimiento de los criterios de selección establecidos por la SAE. Numerador: corresponde al acompañamiento a las organizaciones sociales en la ruta de acceso a predios administrados por la SAE. Denominador: Corresponde al número de organizaciones programadas para el acompañamiento en la ruta de acceso a los predios administrados por la SAE. | N15: 10 | O15: 18 | P15: 10 | Q15: 1.8 | R15: 0.5 | S15: 1.8 | T15: Para el segundo trimestre de 2025, la SAE realizó el proceso de socialización de acceso a activos y la correspondiente aplicación de los criterios de validación a 18 Entidades sin Ánimo de Lucro, las cuales fueron remitidas a la Vicepresidencia de Bienes Muebles e Inmuebles para dar continuidad con los trámites correspondientes que dan lugar a la posibilidad de realizar la destinación del activo. A continuación se relacionan los nombres de las organizaciones: 1. ASOVULFU - Antioquia 2. Fundación El Repique 3. ACVC - RAN - Valle del Rio Cimitarra 4. AGROIMCA - Puerto Salgar 5. Liga Antioqueña de Fútbol 6. JAC Bello Horizonte 7. Corporación Cultural JAYEECHI 8. AFROCAQ - Caquetá 9. TURISMOARACAT 10. MAFAPO 11. MACI 12. Fundación Abriendo Caminos para Todos 13. Fundación Sergio David Urrego Reyes 14. ASOCAM - Sumapaz 15. Herederos de una pasión 16. TRIPIDO 17. Corporación Cultural y Social Currulao 18. Agroecología TIERRA LIBRE | U15: En atención a los cambios en la ruta de acceso de activos de la SAE por parte de las Entidades sin Ánimo de Lucro establecidos en la circular de Presidencia SAE con radicado No. 20251080040223 del 21 de marzo de 2025, se considera necesario realizar ajustes a la redacción del indicador y a la meta establecida, ya que el porcentaje de cumplimiento para el segundo trimestre corresponde al 180% de cumplimiento de toda la vigencia 2025. Adicionalmente, se debe tener en cuenta en la modificación de la meta del indicador el proceso de invitación pública "Bienes que transforman" que viene adelantando la Dirección de Proyectos respecto a la ruta de acceso de activos para las ESAL.
A16: T11 | B16: Productiva, social y ambiental | C16: 02. Fomentar las economías populares y comunitarias a partir de proyectos estratégicos que generen valor público, social y ambiental. | D16: Implementar proyectos estratégicos con enfoque productivo, social y ambiental que permitan la creación de valor. | E16: Implementar la política de Responsabilidad Social Empresarial de la SAE S.A.S | F16: Gestión Administrativa | G16: Vicepresidencia Corporativa | H16: Cumplimiento de la política de Responsabilidad Social Empresarial de la SAE S.A.S. | I16: Gestión | J16: Eficacia | K16: Programación anual | L16: (Número de acciones ejecutadas por la Vicepresidencia Corporativa / Número de acciones programadas por la Vicepresidencia Corporativa) * 100% | M16: Objetivo del indicador: Verificar el cumplimento del avance de las acciones a cargo de la Vicepresidencia Corporativa en la implementación de la política de Responsabilidad Social Empresarial de la SAE S.A.S. Numerador: Corresponde a las acciones ejecutadas en la implementación de la política durante la vigencia 2025 Denominador: Corresponde a las acciones planeadas (proyectadas) en la implementación de la política durante la vigencia 2025 | N16: 1 | O16: 6 | P16: 24 | Q16: 0.25 | R16: 0.5 | S16: 0.5 | T16: Durante este periodo comprendido entre el 1 de abril y el 30 de junio de 2025. Desde la Vicepresidencia Corporativa se ejecutaron (6) seis actividades concretas que evidencian la transversalidad de la responsabilidad social empresarial como principio estratégico de gestión, articulando dimensiones internas, sociales y ambientales: • Seguimiento a las pasantías ofrecidas a jóvenes y poblaciones vulnerables, fortaleciendo la inclusión laboral y aportando a la construcción de oportunidades reales, alineado con los ODS 8 (Trabajo Decente) y 10 (Reducción de Desigualdades). • Análisis del estado de la política mediante estructuración del “Documento de análisis política de responsabilidad social empresarial sociedad de activos especiales -SAE”, que garantiza la actualización y mejora continua, reflejando el compromiso institucional de transparencia y buena gobernanza. • Capacitación sobre violencias basadas en género dirigida a los trabajadores de la SAE S.A.S en donde se contó con la participación de cerca de 500 personas como medida preventiva y de sensibilización que reafirma el respeto por los derechos humanos y la promoción de un entorno laboral seguro y equitativo. • Entrega de residuos a recicladores de oficio, vinculando responsabilidad ambiental y compromiso social, al generar oportunidades económicas a grupos de la economía popular y reducir la huella ambiental. • Diagnóstico de diversidad de la planta laboral mediante el diligenciamiento de la ENCUESTA SOCIODEMOGRAFICA realizada en el mes de junio. Lo anterior, en aras de identificar brechas y diseñar acciones que garanticen igualdad de oportunidades y representatividad. • Responsabilidad con proveedores, incluyendo criterios sociales y ambientales que fomentan cadenas de valor más sostenibles y éticas. Estas acciones no solo representan el cumplimiento formal del plan establecido, sino que además materializan los principios de la PRSE (inclusión, sostenibilidad, transparencia, respeto por los derechos humanos) y contribuyen de manera tangible a crear valor social, ambiental y económico.
A17: T12 | B17: Productiva, social y ambiental | C17: 02. Fomentar las economías populares y comunitarias a partir de proyectos estratégicos que generen valor público, social y ambiental. | D17: Implementar proyectos estratégicos con enfoque productivo, social y ambiental que permitan la creación de valor. | E17: Implementar la Política Ambiental de la SAE S.A.S | F17: Gestión Administrativa | G17: Vicepresidencia Corporativa | H17: Porcentaje de avance en la implementación del Plan de Gestión Ambiental 2025 | I17: Gestión | J17: Eficacia | K17: Programación anual | L17: (Número de acciones ejecutadas del Plan de Gestión Ambiental 2025 / Número de acciones planeadas del Plan de Gestión Ambiental 2025) * 100% | M17: Objetivo del indicador: verificar el porcentaje de ejecución de las acciones definidas en el Plan de Gestión Ambiental en la vigencia 2025. Numerador: corresponde al número de acciones ejecutadas del Plan de Gestión Ambiental en la vigencia 2025 Denominador: corresponde al número de acciones planeadas del Plan de Gestión Ambiental en la vigencia 2025 | N17: 1 | O17: 81 | P17: 178 | Q17: 0.45505618 | R17: 0.5 | S17: 0.91011236 | T17: Durante el periodo evaluado, se logró la ejecución del 93% de las acciones previstas en el Plan de Gestión Ambiental 2025, lo que refleja un alto nivel de compromiso institucional con la sostenibilidad y el cumplimiento de los objetivos ambientales. Entre las acciones desarrolladas se destacan: *Actividades de seguimiento para verificar el cumplimiento de compromisos ambientales. *Inspecciones ambientales a diferentes procesos y espacios físicos, especialmente a sistemas de iluminación y zonas de almacenamiento temporal de residuos, confirmando su buen estado y conformidad con las buenas prácticas. *Actualización de documentos técnicos y procedimentales, garantizando su alineación con la normativa ambiental vigente. *Actualización de la línea base de consumo de recursos (agua, energía, entre otros), que servirá como referencia para medir avances en eficiencia y ahorro. *Actividades ambientales y jornadas de sensibilización dirigidas a fortalecer la cultura ambiental interna. *Capacitaciones al personal sobre buenas prácticas ambientales, manejo de residuos y uso eficiente de recursos. Las tres acciones no ejecutadas fueron reprogramadas por razones operativas, sin que ello implique su cancelación definitiva, manteniéndose como compromisos vigentes a desarrollar en el corto plazo.
A18: T13 | B18: Financiera | C18: 03. Garantizar la efectiva transferencia de recursos a la Nación, en concordancia con lo establecido en la ley y contribuyendo a los propósitos del Plan Nacional de Desarrollo. | D18: Cumplimiento de transferencias de recursos a la Nación establecidas en la ley . | E18: Realizar las transferencias a la Nación y destinaciones específicas en recursos | F18: Gestión Financiera | G18: Dirección Financiera | H18: Transferencias a la Nación y destinaciones específicas en recursos | I18: Producto | J18: Economía | K18: Programación anual | L18: (Sumatoria de los valores de las transferencias a favor de la nación y destinaciones específicas en recursos / Meta de transferencias a favor de la Nación y destinaciones específicas en recursos) * 100% | M18: Objetivo del indicador: medir las transferencias realizadas a la nación y destinaciones específicas en recursos. Este indicador se encuentra globalizado centralizado por la Dirección Financiera con base en los ingresos producidos al interior de la entidad. Numerador: corresponde a la sumatoria de valores transferidos y destinados oficialmente a las entidades beneficiarias establecidas en la Ley. Denominador: corresponde a la meta establecida en el presupuesto aprobado por el Consejo Nacional de Estupefacientes. Para el 2025 la meta establecida es de $444,416,491,400 | N18: 444416491400 | O18: 337337151440 | P18: 444416491400 | Q18: 0.75905633 | R18: 0.5 | S18: 1 | T18: Corresponde a los recursos líquidos transferidos a la destinación especifica para el Fondo para la Reparación de Víctimas, Política Antidrogas y FOMMUR
A19: T14A | B19: Financiera | C19: 04. Generar rentabilidad económica a partir de la diversificación de ingresos, para la inversión social y la lucha contra el crimen organizado. | D19: Generar ingresos producto de la administración o disposición temporal de activos | E19: Recaudar ingresos producto de contratos suscritos bajo el esquema de administración temporal | F19: Disposición temporal de activos no sociales | G19: Dirección Territorial Caribe | H19: Valor recaudado por contratos | I19: Gestión | J19: Economía | K19: Programación anual | L19: (Valor recaudado / Meta de recaudo esperado producto de contratos bajo esquemas de administración temporal) * 100% | M19: Objetivo del indicador: medir el recaudo realizado producto de contratos bajo esquemas de administración temporal. Numerador: corresponde al valor recaudado producto de contratos de arrendamiento, de transacción, de legalización, saneamiento (reconocimiento de contratos de arrendamiento de bienes inmuebles) y recuperación de cartera. Denominador: corresponde al valor económico de recaudo establecido como meta para la anualidad. | N19: 19750000000 | O19: 5370246174 | P19: 19750000000 | Q19: 0.2719112 | R19: 0.5 | S19: 0.5438224 | T19: En este indicador se han tenido limitantes para tener un buen desempeño en la ejecución de la actividad, como la errónea facturación que generó atrasos e inconvenientes en los pagos durante el último mes de facturación, las dificultades para la aprobación de los contratos en el sistema TESEO, las demoras en el pago de pasivos , vencimientos de preaprobados de pólizas que implica su renovación, errores en las minutas. | U19: Como acción de mejora se propone disminuir los tiempos en cada uno de los subprocesos que se llevan para realizar un arriendo, realizar campañas de cobro de cartera que impulsen el recaudo, impulsar jornadas de legalizaciones de ocupaciones para aumentar recaudo, realizar transacciones de ocupaciones irregulares para recuperar lo dejado de percibir por una ocupación irregular.
A20: T14B | B20: Financiera | C20: 04. Generar rentabilidad económica a partir de la diversificación de ingresos, para la inversión social y la lucha contra el crimen organizado. | D20: Generar ingresos producto de la administración o disposición temporal de activos | E20: Recaudar ingresos producto de contratos suscritos bajo el esquema de administración temporal | F20: Disposición temporal de activos no sociales | G20: Dirección Territorial Centro Oriente | H20: Valor recaudado por contratos | I20: Gestión | J20: Economía | K20: Programación anual | L20: (Valor recaudado / Meta de recaudo esperado producto de contratos bajo esquemas de administración temporal) * 100% | M20: Objetivo del indicador: medir el recaudo realizado producto de contratos bajo esquemas de administración temporal. Numerador: corresponde al valor recaudado producto de contratos de arrendamiento, de transacción, de legalización, saneamiento (reconocimiento de contratos de arrendamiento de bienes inmuebles) y recuperación de cartera. Denominador: corresponde al valor económico de recaudo establecido como meta para la anualidad. | N20: 65000000000 | O20: 23626812883 | P20: 65000000000 | Q20: 0.36348943 | R20: 0.5 | S20: 0.72697886
A21: T14C | B21: Financiera | C21: 04. Generar rentabilidad económica a partir de la diversificación de ingresos, para la inversión social y la lucha contra el crimen organizado. | D21: Generar ingresos producto de la administración o disposición temporal de activos | E21: Recaudar ingresos producto de contratos suscritos bajo el esquema de administración temporal | F21: Disposición temporal de activos no sociales | G21: Dirección Territorial Occidente | H21: Valor recaudado por contratos | I21: Gestión | J21: Economía | K21: Programación anual | L21: (Valor recaudado / Meta de recaudo esperado producto de contratos bajo esquemas de administración temporal) * 100% | M21: Objetivo del indicador: medir el recaudo realizado producto de contratos bajo esquemas de administración temporal. Numerador: corresponde al valor recaudado producto de contratos de arrendamiento, de transacción, de legalización, saneamiento (reconocimiento de contratos de arrendamiento de bienes inmuebles) y recuperación de cartera. Denominador: corresponde al valor económico de recaudo establecido como meta para la anualidad. | N21: 45000000000 | O21: 15186703662 | P21: 45000000000 | Q21: 0.3374823 | R21: 0.5 | S21: 0.67496461 | T21: La Territorial presenta un avance en el indicador del 34% de la meta anual, al corte del mes de junio | U21: El avance en el indicador se presenta teniendo en cuenta que la territorial ha presentado cambios en la dirección, y en la asignación de funciones por los traslados presentados en el trimestre en mención. También se explica porque el poder del director tardó en llegar. Sin esta atribución no se cuenta con la firma en las minutas de arrendamiento y sin esto no se podía cargar los contratos. Esta situación se esta atendiendo y priorizando el cargue de estas para lograr aumentar el cumplimiento
A22: T14D | B22: Financiera | C22: 04. Generar rentabilidad económica a partir de la diversificación de ingresos, para la inversión social y la lucha contra el crimen organizado. | D22: Generar ingresos producto de la administración o disposición temporal de activos | E22: Recaudar ingresos producto de contratos suscritos bajo el esquema de administración temporal | F22: Disposición temporal de activos no sociales | G22: Dirección Territorial Sur | H22: Valor recaudado por contratos | I22: Gestión | J22: Economía | K22: Programación anual | L22: (Valor recaudado / Meta de recaudo esperado producto de contratos bajo esquemas de administración temporal) * 100% | M22: Objetivo del indicador: medir el recaudo realizado producto de contratos bajo esquemas de administración temporal. Numerador: corresponde al valor recaudado producto de contratos de arrendamiento, de transacción, de legalización, saneamiento (reconocimiento de contratos de arrendamiento de bienes inmuebles) y recuperación de cartera. Denominador: corresponde al valor económico de recaudo establecido como meta para la anualidad. | N22: 50250000000 | O22: 21407329077 | P22: 50250000000 | Q22: 0.4260165 | R22: 0.5 | S22: 0.852033 | T22: El recaudo mensual hasta el 31 de diciembre de 2024 por parte de la Dirección territorial Sur por concepto de cánones de arrendamiento ha sido de $ 21,407,239,077.00, distribuido así mensualmente así: ENERO: $3,457,061,251.07, FEBRERO: $3,591,013,408.89 , MARZO: $2,751,202,761.49, ABRIL: $3,340,796,352.00, MAYO: $3,679,447,292.17, JUNIO: $4,587,808,011.00,
A23: T15 | B23: Financiera | C23: 04. Generar rentabilidad económica a partir de la diversificación de ingresos, para la inversión social y la lucha contra el crimen organizado. | D23: Adelantar procesos de comercialización y venta de activos | E23: Gestionar los ingresos de ventas de inmuebles sociales y no sociales comercializados a través de la Dirección Comercial | F23: Disposición o democratización final de activos | G23: Dirección Comercial | H23: Ingresos por venta de inmuebles | I23: Producto | J23: Economía | K23: Programación anual | L23: (Valor de ingresos por ventas de inmuebles / Valor de ingresos de ventas de inmuebles proyectado para la vigencia) * 100% | M23: Objetivo del indicador: medir los ingresos por la venta de inmuebles no sociales comercializados a través de la Dirección Comercial Numerador: es el valor de ingresos por ventas de inmuebles no sociales comercializados a través de la Dirección Comercial. Este ingreso es producto de ventas directas, cuotas partes, ventas masivas y ventas a través del operador comercial. Denominador: corresponde a los ingresos por venta programados para la vigencia. | N23: 473822000000 | O23: 271860000000 | P23: 473822000000 | Q23: 0.57375977 | R23: 0.5 | S23: 1 | T23: El indicador mide el avance en los ingresos generados por la venta de inmuebles a través de la Dirección Comercial. A la fecha del corte evaluado, se ha alcanzado un cumplimiento del 57%, lo que representa un ingreso de $271.860 millones frente a una meta anual de $473.822 millones. Este resultado refleja un desempeño superior a la meta proyectada para el segundo trimestre (50%), lo cual indica un comportamiento positivo en la ejecución de las actividades comerciales. Entre las fortalezas que han contribuido a este avance se destacan: La diversificación de los canales de venta (ventas directas y operadores comerciales). El buen desempeño de ANT, que representa la mayor parte del recaudo. Sin embargo, persisten limitantes que podrían afectar el cumplimiento total de la meta anual, como: Retrasos en los procesos de escrituración, que imposibilitan el recaudo sujeto al registro de los inmuebles. | U23: Aunque el cumplimiento del indicador al corte del trimestre evaluado es del 57%, lo cual supera la meta trimestral del 50%, aún se encuentra por debajo del 70%, umbral mínimo para un rendimiento óptimo. Para mejorar el desempeño del indicador y asegurar el cumplimiento de la meta anual, se proponen las siguientes acciones: -Fortalecer las estrategias de comercialización, especialmente en canales con menor desempeño como venta directa. -Agilizar los procesos administrativos y jurídicos relacionados con la formalización de ventas. -Implementar campañas de promoción dirigidas a públicos objetivos con capacidad de inversión. -Monitorear semanalmente el avance del recaudo para detectar desviaciones a tiempo y aplicar correctivos. -Suscribir contrato con un nuevo operador comercial.
A24: T16 | B24: Financiera | C24: 04. Generar rentabilidad económica a partir de la diversificación de ingresos, para la inversión social y la lucha contra el crimen organizado. | D24: Adelantar procesos de comercialización y venta de activos | E24: Gestionar los ingresos de ventas de inmuebles sociales y no sociales comercializados a través de la Dirección Comercial | F24: Disposición o democratización final de activos | G24: Dirección Comercial | H24: Ejecución de Plan de Mercadeo y Relacionamiento | I24: Gestión | J24: Eficacia | K24: Programación anual | L24: (Número de actividades ejecutadas durante el periodo de ejecución / Actividades programadas para la ejecución durante la vigencia) * 100% | M24: Objetivo del indicador: medir el cumplimiento del Plan de Mercadeo y Relacionamiento para la venta de inmuebles Numerador: Corresponde a las actividades ejecutadas al 100% durante el periodo evaluado. Denominador: Corresponde a las actividades programadas por la Dirección Comercial en el Plan de Mercadeo y Relacionamiento 2025. | N24: 1 | O24: 6 | P24: 10 | Q24: =O24/P24 -> 0.6 | R24: 0.5 | S24: 3 | T24: A la fecha, se han realizado cuatro ruedas de negocios en las ciudades de Bogotá, Neiva, Caquetá y Bucaramanga, así como un evento corporativo en alianza con el Fondo Nacional del Ahorro (FNA) en Medellín y una feria de vivienda en Soacha. | U24: Aunque el indicador ya registra un cumplimiento del 100%, la Dirección Comercial resalta la importancia estratégica de estos espacios, ya que permiten establecer vínculos con actores clave del sector, impulsar oportunidades de negocio y fortalecer la visibilidad institucional. Estas actividades no solo cumplen con lo planeado, sino que también generan un alto impacto en la promoción de los inmuebles no sociales. En ese sentido, se estima que antes de finalizar el año se realicen al menos dos eventos adicionales, como parte del compromiso con la dinamización comercial y la continuidad de la estrategia institucional
A25: T17 | B25: Financiera | C25: 04. Generar rentabilidad económica a partir de la diversificación de ingresos, para la inversión social y la lucha contra el crimen organizado. | D25: Generar ingresos producto de la administración o disposición temporal de activos | E25: Distribuir las utilidades generadas por sociedades activas al FRISCO | F25: Gestión del portafolio de sociedades | G25: Dirección de Gobierno, Control y Democratización de Sociedades | H25: Cumplimiento del ingreso por utilidades de Sociedades Activas | I25: Producto | J25: Economía | K25: Programación anual | L25: (Utilidades generadas por sociedades y establecimientos de comercio / Ingresos económicos estimados a distribuir al FRISCO) * 100% | M25: Objetivo del indicador: medir la generación de ingresos a partir de la productividad de sociedades activas y establecimientos de comercio. Numerador: corresponde al valor de utilidades producto de alguna gestión realizada por la Dirección de Gobierno, Control y Democratización de Sociedades. Denominador: corresponde al presupuesto de ingreso estimado para la Dirección de Gobierno, Control y Democratización de Sociedades, que incluye todos los recursos por utilidades que ingresen al FRISCO producto de alguna gestión realizada por la Dirección de Gobierno, Control y Democratización de sociedades. | N25: 50000000000 | O25: 2680643168 | P25: 50000000000 | Q25: 0.053612863 | R25: 0.5 | S25: 0.10722573 | T25: Valor de utilidades efectivamente consignadas al FRISCO: RAZON SOCIAL - PAGO RECIBIDO - FECHA DEL PAGO ESTACION DE SERVICIO TERPEL CORABASTOS $ 457,640,937 20/01/2025 INVERSIONES BGH S.A.S $ 359,305,956 18/03/2025 INVERAUTOS S.A.S. $ 620,357,155 22/04/2025 CREDIREBAJA S.A. $ 15,000,000 22/05/2025 PSTC SA $ 1,192,912,032 30/06/2025 y 27/07/2025 ALMACEN Y COMPRAVENTA EL DIAMANTE OCHO S A S $ 35,427,088 18/06/2025 | U25: La Dirección de Gobierno Control y Democratización de sociedades se encuentra realizando las asambleas de la vigencia 2024, con la finalidad de obtener las utilidades estimadas. El valor decretado para el segundo trimestre del 2025 es $ 10,760,394,407.00.
A26: T18 | B26: Financiera | C26: 04. Generar rentabilidad económica a partir de la diversificación de ingresos, para la inversión social y la lucha contra el crimen organizado. | D26: Generar ingresos producto de la administración o disposición temporal de activos | E26: Recaudar ingresos producto de las gestiones realizadas por sociedades activas al FRISCO | F26: Disposición o democratización final de activos | G26: Dirección de Gobierno, Control y Democratización de Sociedades | H26: Cumplimiento del presupuesto de ingreso de comercialización de Sociedades Activas y sus bienes | I26: Producto | J26: Economía | K26: Programación anual | L26: (Ingresos generados por sociedades y establecimientos de comercio / Ingresos económicos estimados para el FRISCO) * 100% | M26: Objetivo del indicador: medir la generación de ingresos a partir de la comercialización o cualquier tipo de destinación final de sociedades activas y establecimientos de comercio y de sus bienes. Numerador: corresponde al valor producto de alguna gestión de comercialización realizada por la Dirección de Gobierno, Control y Democratización de Sociedades. Denominador: corresponde al presupuesto de ingreso estimado para la Dirección de Gobierno, Control y Democratización de Sociedades, que incluye todos los recursos por comercialización que ingresen al FRISCO producto de alguna gestión realizada por la Dirección de Gobierno, Control y Democratización de sociedades. | N26: 318382000000 | O26: 12679018868 | P26: 318382000000 | Q26: 0.03982329 | R26: 0.5 | S26: 0.079646581 | T26: De acuerdo con las gestiones realizadas por la Dirección se encuentra lo siguiente: 1. La Gerencia de Comercialización de Activos Sociales informa que se recaudó el valor por la venta a ANT de los FMI 234-5776 y 234-14432, propiedad de la sociedad IMPORTADORA HEES SA y CREACIONES YOGUI LIMITADA por valor de $11,843,484,825. 2. Mediante subasta adelantada por el Martillo del Banco Popular S.A., el día 28 de marzo de 2025, fue adjudicado un (1) vehículo, el cual constituye un activo social de la sociedad TINANITA INVERSIONES S.A.S., identificada con NIT 901.119.438, por un valor de OCHOCIENTOS TREINTA Y CINCO MILLONES QUINIENTOS TREINTA Y CUATRO MIL CUARENTA Y TRES PESOS MONEDA CORRIENTE ($835.534.043). | U26: Para alcanzar la meta establecida, se realizan las siguientes actividades por parte de la Dirección: * Realizar y documentar las visitas técnicas y de verificación de los activos, incluyendo la elaboración de informes sobre ocupación, estado físico y condiciones de uso. * Adelantar la verificación de la viabilidad administrativa de los activos como parte de la fase de alistamiento, en coordinación con la Gerencia de Comercialización. * Efectuar los requerimientos a los administradores de las sociedades (representantes legales o depositarios provisionales), con el fin de obtener la información necesaria y garantizar la adecuada preparación del proceso de comercialización.
A27: T19 | B27: Financiera | C27: 04. Generar rentabilidad económica a partir de la diversificación de ingresos, para la inversión social y la lucha contra el crimen organizado. | D27: Diseñar y/o implementar estrategias de ahorro en la administración de activos. | E27: Establecer una estrategia para la disposición definitiva de los activos entregados por las extintas FARC que no cuenten con potencial de comercialización | F27: Comercialización de Activos Otras Modalidades de Disposición Final | G27: Dirección de Proyectos | H27: Gestión para la disposición final de los activos entregados por las extintas FARC-EP | I27: Gestión | J27: Eficacia | K27: Programación anual | L27: Sumatoria de la ponderación de las actividades requeridas para la disposición final (chatarrización, donación o destrucción) de los activos entregados por las ex FARC-EP | M27: Objetivo del indicador: medir el impacto de la gestión de las actividades realizadas por la Dirección de Proyectos para la disposición final de los activos entregados por las ex FARC-EP relacionados en el inventario del que trata el Decreto Ley 903 de 2017. La ponderación de cada una de las actividades está construida a partir de la asignación del mayor peso porcentual a la primera actividad y un menor peso porcentual a las actividades subsiguientes que dependen de la actividad previa. Los porcentajes asignados a cada actividad corresponden a la totalidad (100%) de unidades de los bienes muebles a disponer de manera definitiva (chatarrización, donación o destrucción). La ponderación de las actividades realizadas por la Dirección de Proyectos se relaciona a continuación: 1. Valoración comercial de los activos (20%) 2. Solicitud de viabilidades jurídica, técnica y administrativa (16%) 3. Solicitud de conceptos técnicos según disposición final (13%) 4. Elaboración presentación del caso (10%) 5. Solicitud inclusión del caso en el Comité Técnico (9%) 6. Presentación del caso a Comité técnico SAE (7%) 7. Solicitud a DAPRE de sesión del Consejo Fiduciario (6%) 8. Presentación caso ante el Consejo Fiduciario (5%) 9. Solicitud activación de la Subcomisión financiera y presupuestal al Consejo Fiduciario (4%) 10. Solicitud recomendación a las 9 entidades que conforman el Subcomité Financiero y Presupuestal (3%) 11. Solicitud a DAPRE de sesión del Consejo Fiduciario, solicitud de aprobación disposición final ( 2%) 12. Proyección resolución de disposición final según el caso (1%) 13. Remisión acto administrativo a la Dirección de Asuntos Legales Misionales de la SAE ( 1%) 14. Expedición acto administrativo (1%) 15. Alistamiento de los activos a disponer de manera definitiva (1%) 16. Disposición final de los activos (1%) TOTAL (100%) | N27: 1 | O27: 51.6 | P27: 100 | Q27: 0.516 | R27: 0.5 | S27: 1 | T27: La Dirección de Proyectos en el segundo trimestre de 2025 realizó las actividades correspondientes a la contratación del servicio de avalúo comercial para la tipología de bienes muebles y enseres, adicionalmente se dio continuidad a las actividades relacionadas con la presentación ante el Consejo Fiduciario para validar la aprobación para la disposición final (donación) de 732 activos, correspondientes a 248 elementos de equipo de comunicación y 484 elementos de intendencia (uniformes militares, cantimploras, equipos de campaña). Esto en atención a que el total de activos en administración corresponde a 1.839 unidades. Así las cosas, se tiene un avance porcentual como se indica a continuación: ACTIVIDAD 1. Valoración comercial de los activos (20%) - 60% 2. Solicitud de viabilidades jurídica, técnica y administrativa (16%) - 45% 3. Solicitud de conceptos técnicos según disposición final (13%) - 45% 4. Elaboración presentación del caso (10%) - 30% 5. Solicitud inclusión del caso en el Comité Técnico (9%) - 14% 6. Presentación del caso a Comité técnico SAE (7%) - 14% 7. Solicitud a DAPRE de sesión del Consejo Fiduciario (6%) - 50% TOTAL (100%) - 51,6%
A28: T20 | B28: Financiera | C28: 04. Generar rentabilidad económica a partir de la diversificación de ingresos, para la inversión social y la lucha contra el crimen organizado. | D28: Diseñar y/o implementar estrategias de ahorro en la administración de activos. | E28: Establecer una estrategia para la disposición definitiva de los activos entregados por las extintas FARC que no cuenten con potencial de comercialización | F28: Comercialización de Activos Otras Modalidades de Disposición Final | G28: Dirección de Proyectos | H28: Gestión para la constitución del patrimonio autónomo receptor de los recursos monetizados del inventario FARC-EP | I28: Gestión | J28: Eficacia | K28: Programación anual | L28: Sumatoria de la ponderación de las actividades requeridas para la constitución del patrimonio autónomo receptor de los recursos monetizados del inventario FARC | M28: Objetivo del indicador: medir el impacto de la gestión de las actividades realizadas por la Dirección de Proyectos para la constitución del patrimonio autónomo del que trata el articulo 3 del Decreto Ley 903 de 2017 y que tiene como fin ser el receptor de todos los recursos monetizados producto de la comercialización de los bienes entregados por las extintas FARC-EP y que fueron relacionados en el inventario del que trata el artículo 1 de la misma norma. La ponderación de cada una de las actividades está construida a partir de la asignación del mayor peso porcentual a la primera actividad y un menor peso porcentual a las actividades subsiguientes que dependen de la actividad previa. Los porcentajes asignados a cada actividad corresponden al cumplimiento o no de las mismas, esto es 100% o 0%. La ponderación de las actividades realizadas por la Dirección de Proyectos se relaciona a continuación: 1. Estructuración y elaboración del análisis del sector (30%) 2.Estructuración y elaboración de estudio de mercado (25%) 3. Estructuración y elaboración de estudios previos (20%) 4. Radicación de los documentos previos en la Dirección de Contratos (12%) 5. Seguimiento a la revisión de los documentos previos en la Dirección de Contratos (6%) 6. Revisión y aprobación de los documentos previos en la Dirección de Contratos (4%) 7. Verificación de requisitos habilitantes (2%) 8. Comunicar la aceptación de la oferta o declaración de proceso desierto (1%) TOTAL (100%) | N28: 1 | O28: 97 | P28: 100 | Q28: 0.97 | R28: 0.5 | S28: 1 | T28: Para el segundo trimestre de 2025, desde la Dirección de Proyectos se dio avance a las actividades 4, 5 y 6 contempladas para este indicador en la etapa precontractual de la 7c7onstitución del patrimonio autónomo como se indica a continuación: ACTIVIDAD 1. Estructuración y elaboración del análisis del sector (30%) - 100% 2.Estructuración y elaboración de estudio de mercado (25%) - 100% 3. Estructuración y elaboración de estudios previos (20%) - 100% 4. Radicación de los documentos previos en la Dirección de Contratos (12%) - 100% 5. Seguimiento a la revisión de los documentos previos en la Dirección de Contratos (6%) - 100% 6. Revisión y aprobación de los documentos previos en la Dirección de Contratos (4%) - 100% TOTAL (100%) - 97%
A29: T21 | B29: Financiera | C29: 04. Generar rentabilidad económica a partir de la diversificación de ingresos, para la inversión social y la lucha contra el crimen organizado. | D29: Adelantar procesos de comercialización y venta de activos | E29: Entregar a las Direcciones de democratización de activos de Inmuebles rurales o urbanos los remanentes en inmuebles por liquidación de sociedades | F29: Disposición o democratización final de activos | G29: Dirección de Seguimiento y Control de Liquidaciones | H29: Sociedades en liquidación que entregan remanentes físicos | I29: Producto | J29: Economía | K29: Programación anual | L29: (Valor de remanentes en inmuebles entregados por liquidación de sociedades / Valor de remanentes en inmuebles de sociedades en liquidación estimados para entrega) * 100% | M29: Objetivo del indicador: medir la entrega de remanentes en inmuebles a favor del FRISCO por liquidación de Sociedades. Numerador: los remanentes en inmuebles corresponden a los activos sociales producto de la liquidación de la sociedad. Denominador: la estimación de los remanentes se realiza con base en la valoración patrimonial de los activos sociales priorizados para la vigencia. | N29: 30000000000 | O29: 34675821991 | P29: 30000000000 | Q29: =O29/P29 -> 1.1558607 | R29: 0.5 | S29: 0 | T29: se encuentra en proceso de marcación de activo social a no social los FMI 450-5433, 450-5434, 450-833,157-50452, 157-50453 y 157-67351 como remanente anticipado de propiedad de la sociedad COSUR LTDA EN LIQUIDACION, ante lo cual una vez efectuado el cambio en SIGMA SAE se entrega un remanente físico por valor catastral +50% de $6.291.922.620 conforme a lo aprobado en Junta extraordinaria del 3/10/2024 | U29: No se cargan evidencias para este trimestre en razón a que no se realizo entrega de remanentes físicos para el segundo trimestre, pues se espera la entrega y marcación de activos no sociales de 6 inmuebles como remanentes para el tercer trimestre. Esta en proceso de ajustar el indicador ya que se ha superado la meta inicialmente propuesta
A30: T22 | B30: Financiera | C30: 04. Generar rentabilidad económica a partir de la diversificación de ingresos, para la inversión social y la lucha contra el crimen organizado. | D30: Adelantar procesos de comercialización y venta de activos | E30: Entregar a la Dirección Financiera los remanentes líquidos por la liquidación de sociedades. | F30: Disposición o democratización final de activos | G30: Dirección de Seguimiento y Control de Liquidaciones | H30: Sociedades en liquidación que realizan entregas de remanentes líquidos | I30: Producto | J30: Economía | K30: Programación anual | L30: (Valor de remanentes líquidos entregados por liquidación de sociedades / Valor de remanentes líquidos de sociedades en liquidación estimados para entrega) * 100% | M30: Objetivo del indicador: medir la entrega de recursos líquidos realizada a favor del FRISCO por liquidación de Sociedades. Numerador: los remanentes líquidos corresponden a los dineros provenientes de la liquidación de las sociedades. Denominador: la estimación de los remanentes se realiza con base en la valoración patrimonial de las sociedades priorizadas para la vigencia. | N30: 20000000000 | O30: 0 | P30: 20000000000 | Q30: 0 | R30: 0.5 | S30: 0 | T30: Mediante memorando No. 20255100015553 del 30 de enero del 2025, se solicito a la dirección financiera concepto jurídico, administrativo y financiero para la formalización de entrega de remanentes en proceso y la constitución de la reserva técnica, toda vez que en el inventario de esta Dirección se encuentran sociedades finalizando el proceso liquidatario y no se tiene la certeza de la formalización de las mismas cuando la situación jurídica no se ha definido. Se esta a la espera de dicha respuesta | U30: No se realizo la entrega de ningún remanente liquido de sociedades por tanto no se carga evidencia física
A31: T23 | B31: Financiera | C31: 04. Generar rentabilidad económica a partir de la diversificación de ingresos, para la inversión social y la lucha contra el crimen organizado. | D31: Diversificar y fortalecer el portafolio de inversiones de la SAE. | E31: Realizar inversiones de recursos líquidos de acuerdo con el Decreto 1525 del 2008 mediante estrategias de inversión que permitan aumentar la rentabilidad. | F31: Gestión Financiera | G31: Dirección Financiera | H31: Valor total de rendimientos de inversión con recursos líquidos extintos y en proceso | I31: Producto | J31: Economía | K31: Programación anual | L31: (Valor total de rendimientos obtenidos de inversiones con recursos líquidos extintos y en proceso / Meta de rendimientos financieros esperados con inversiones realizadas) * 100% | M31: Objetivo del indicador: medir la obtención del valor total de los rendimientos esperados de las inversiones de recursos líquidos extintos y en proceso. Numerador: corresponde al valor recibido producto de las inversiones en CDTs, TES, fondos de inversión, cuentas de ahorro nacionales y en el extranjero u otros permitidos en la Ley, de acuerdo con la periodicidad de la inversión. Denominador: corresponde al valor presupuestado de rendimientos por inversión en la vigencia. El valor correspondiente para la vigencia 2025 es de $60.000.000.000 | N31: 60000000000 | O31: 3.7511654e+10 | P31: 60000000000 | Q31: 0.62519424 | R31: 0.5 | S31: 1 | T31: Con corte al 30 de junio de 2025, la entidad ha recaudado un valor preliminar de $37.512 millones de pesos por concepto de rendimientos financieros, lo que representa un 63% de cumplimiento frente a la meta estimada para la vigencia. Durante los meses de mayo y junio, se destaca la recepción de $16.235 millones de pesos derivados de inversiones en Certificados de Depósito a Término (CDT) y Títulos de Tesorería (TES), lo cual ha contribuido significativamente al comportamiento positivo del portafolio. Desde el punto de vista del mercado, se observa una estabilidad en las tasas de inversión, lo que ha favorecido el rendimiento de los instrumentos financieros en los que participa la entidad. Esta tendencia ha permitido mantener una rentabilidad constante, alineada con las proyecciones establecidas a inicio de año. Se continuará con el seguimiento permanente del comportamiento del mercado y la gestión activa del portafolio de inversiones, con el fin de maximizar los rendimientos y asegurar el cumplimiento de las metas financieras establecidas. | U31: Con base en lo anterior, se estima que para alcanzar la meta anual será necesario recaudar un valor adicional de $22.488 millones de pesos en el segundo semestre. Esto implica un promedio mensual de ingresos por rendimientos del orden de $3.671 millones de pesos entre los meses de julio y diciembre.
A32: T24 | B32: Financiera | C32: 04. Generar rentabilidad económica a partir de la diversificación de ingresos, para la inversión social y la lucha contra el crimen organizado. | D32: Adelantar procesos de comercialización y venta de activos | E32: Gestionar la generación de ingresos a partir de la disposición de bienes muebles | F32: Disposición o democratización final de activos | G32: Dirección para la Democratización de Activos Muebles | H32: Ingresos por disposición final de bienes muebles | I32: Producto | J32: Economía | K32: Programación anual | L32: (Valor total de ingresos recibidos por disposición final de bienes muebles / Valor total presupuestado por concepto de ingresos por disposición final de bienes muebles) * 100% | M32: Objetivo del indicador: medir la generación de ingresos por disposición final de bienes muebles. Numerador: corresponde a los ingresos por concepto de venta, chatarrización, siniestro, entre otras modalidades de disposición final. El tipo de muebles a disponer finalmente pueden ser: * Semovientes * Muebles y enseres * Medios de transporte * Oro * Obras de arte. * Sustancias químicas * Joyas Denominador: Corresponde al valor aprobado de ingresos por venta de activos muebles, según el presupuesto de ingresos FRISCO para el 2025, de acuerdo a la resolución 002 de 2024 del CNE | N32: 13663000000 | O32: 3110989120 | P32: 13663000000 | Q32: 0.22769444 | R32: 0.5 | S32: 0.45538888 | T32: El bajo cumplimiento del indicador obedece a la demora en los alistamientos (viabilidades jurídicas, citación a comités de enajenación temprana , expedición de actos administrativos entre otras. La dirección a generado ingresos por los siguientes conceptos de disposición final: *Comercialización de medios de transporte $2.506.073.397 *Desintegración de medios de transporte $64.374.300 *Productividad lechera $78.778.243 *Comercialización de semovientes $461.763.180 | U32: Se adelantaron mesas de trabajo con la Vicepresidencia Operativa, llegando acuerdos para optimizar tiempos de alistamiento y así mejorar la rotación del inventario, adicionalmente se esta estructurando el proyecto de venta masiva y contratación para desintegración de medios de transporte donde se estima disminuir mínimo en 1000 bienes el inventario.
A33: T25 | B33: Financiera | C33: 04. Generar rentabilidad económica a partir de la diversificación de ingresos, para la inversión social y la lucha contra el crimen organizado. | D33: Generar ingresos producto de la administración o disposición temporal de activos | E33: Gestionar la monetización de divisas y el recaudo de moneda nacional | F33: Disposición o democratización final de activos | G33: Dirección para la Democratización de Activos Muebles | H33: Transferencias realizadas a la Nación a través de divisas monetizadas y moneda nacional | I33: Producto | J33: Economía | K33: Programación anual | L33: (Valor monetizado y recaudado / Valor programado de divisas a monetizar y moneda nacional a recaudar) * 100% | M33: Objetivo del indicador: medir las transferencias realizadas a la Nación a través de divisas monetizadas y recaudo de moneda nacional identificada. Numerador: corresponde a los ingresos por monetización de divisas y extinción de dineros. Denominador: Corresponde al valor aprobado de ingresos por monetización de divisas y extinción de dineros, según el presupuesto de ingresos FRISCO para el 2025, de acuerdo a la resolución 002 de 2024 del CNE | N33: 3000000000 | O33: 0 | P33: 3000000000 | Q33: 0 | R33: 0.5 | S33: 0 | T33: El bajo cumplimiento de este indicador obedece a que tan solo se cuenta disponible USD 513.000, No han entregado mas divisas en administración. | U33: Para dar cumplimiento a este indicador dependemos del traslado o solicitud por parte de la autoridad competente de divisas a favor de esta Sociedad, para este periodo como se indica en la columna anterior solo contamos son un total de USD 513.000 dólares que por monto no son monetizables a través del Banco de la Republica, en espera que nos remitan para administración mas comprobantes de deposito en custodia.
A34: T26 | B34: Financiera | C34: 04. Generar rentabilidad económica a partir de la diversificación de ingresos, para la inversión social y la lucha contra el crimen organizado. | D34: Diseñar y/o implementar estrategias de ahorro en la administración de activos. | E34: Generar ahorros producto de la implementación de esquemas de disposición temporal o definitiva de los bienes muebles | F34: Disposición o democratización final de activos Disposición temporal de activos no sociales | G34: Dirección para la Democratización de Activos Muebles | H34: Ahorro por disposición temporal o definitiva de bienes muebles | I34: Gestión | J34: Economía | K34: Programación anual | L34: (Valor de ahorro de bienes muebles por disposición temporal y final/ Valor proyectado de ahorro para la vigencia de bienes muebles a disponer temporal o definitivamente) * 100% | M34: Objetivo del indicador: medir el valor del ahorro en la vigencia, generado por la disposición temporal o definitiva de bienes muebles. Numerador: corresponde al valor económico ahorrado en la vigencia por disposición temporal o definitiva de bienes muebles. Denominador: corresponde al valor proyectado de ahorro (costos directos por almacenamiento y bodegaje) desde la fecha de entrega de disposición temporal o definitiva hasta el cierre de la vigencia. | N34: 1000000000 | O34: 48585842 | P34: 1000000000 | Q34: 0.048585842 | R34: 0.5 | S34: 0.097171685 | T34: El incumplimiento en el avance de este indicador obedece a que no se cuenta con un contrato de desintegración de medios de transporte y la demora en la comercialización de medios de transporte, se esta adelantando proyecto de venta masiva y estructurando el contrato de chatarrización que nos permitiría cumplir durante el segundo semestre de la presente vigencia. | U34: Para dar cumplimiento a este indicador se esta adelantando, recategorización de los medios de transporte de comercialización a chatarra y se esta adelantando el proceso de contratación de desintegradoras con el fin de disminuir el inventario de los operadores logísticos toda vez que es la mayo participación en el inventario de los vehículos tipo chatarra.
A35: T27 | B35: Financiera | C35: 04. Generar rentabilidad económica a partir de la diversificación de ingresos, para la inversión social y la lucha contra el crimen organizado. | D35: Diseñar y/o implementar estrategias de ahorro en la administración de activos. | E35: Realizar la chatarrización de bienes muebles generando ahorros para la Entidad | F35: Disposición o democratización final de activos | G35: Dirección para la Democratización de Activos Muebles | H35: Chatarrizaciones realizadas | I35: Gestión | J35: Eficacia | K35: Programación anual | L35: (Número de bienes entregados a la desintegradora para chatarrizar / Número de bienes programados para chatarrización) * 100% | M35: Objetivo del indicador: medir la chatarrización de los bienes muebles. Numerador: bienes muebles entregados a la desintegradora. Denominador: corresponde al número de bienes programados para chatarrización como los medios de transporte de material ferroso con concepto favorable para chatarrizar. | N35: 100 | O35: 1 | P35: 100 | Q35: 0.01 | R35: 0.5 | S35: 0.02 | T35: El incumplimiento a este indicador obedece a demora en los procesos de expedición de actos administrativos, los cuales demoraron mas de 6 meses en tramite, adicionalmente en el mes de mayo del 2025 finalizo el contrato con la desintegradora. | U35: Se encuentra en tramite de expedición 5 actos administrativos que contienen 71 medios de transporte que nos permitirían ir en un cumplimiento del 71%, se han adelantado mesas de trabajo con la Vicepresidencia Operativa para agilizar el tramite, adicionalmente en el segundo semestre se adelantara la contratación de empresas desintegradoras para cubrimiento y agilidad a nivel nacional.
A36: T28 | B36: Financiera | C36: 04. Generar rentabilidad económica a partir de la diversificación de ingresos, para la inversión social y la lucha contra el crimen organizado. | D36: Diseñar y/o implementar estrategias de ahorro en la administración de activos. | E36: Reducir los inventarios de bienes muebles que implican un impacto ambiental | F36: Disposición o democratización final de activos | G36: Dirección para la Democratización de Activos Muebles | H36: Destrucción de bienes muebles que puedan generar un impacto ambiental | I36: Gestión | J36: Eficacia | K36: Programación anual | L36: (Número de toneladas de bienes muebles destruidos / Total de toneladas de bienes muebles objeto a destruir) * 100% | M36: Objetivo del indicador: medir la destrucción de bienes muebles para mitigar el impacto ambiental en toneladas. Numerador: corresponde a las toneladas de los bienes muebles destruidos que puedan generar un impacto ambiental. Denominador: corresponde al total de toneladas de bienes muebles que puedan generar un impacto ambiental y que son programados para ser destruidos en la vigencia (sustancias químicas, minerales y aquellos muebles y enseres que tengan conceptos técnicos de destrucción). | N36: 40 | O36: 5 | P36: 40 | Q36: 0.125 | R36: 0.5 | S36: 0.25 | T36: En el mes de enero se adelanto la destrucción de 5 toneladas de sustancias químicas. Durante el segundo trimestre se estima continuar con la destrucción de sustancias químicas. | U36: Se encuentra en tramite de expedición 1 acto administrativo para destrucción de sustancias químicas con un peso aproximado de 8,5 toneladas. Este documento se radicó con 20254300005304, durante el segundo semestre se dará inicio a la contratación de la empresa prestadora del servicio de destrucción sustancias químicas.
A37: T29 | B37: Financiera | C37: 04. Generar rentabilidad económica a partir de la diversificación de ingresos, para la inversión social y la lucha contra el crimen organizado. | D37: Diseñar y/o implementar estrategias de ahorro en la administración de activos. | E37: Implementar la política de Austeridad en el Gasto de la SAE S.A.S | F37: Gestión Financiera | G37: Vicepresidencia Corporativa | H37: Porcentaje de avance en la implementación del Plan de Austeridad del Gasto Público 2025 | I37: Gestión | J37: Eficacia | K37: Programación anual | L37: (Número de acciones ejecutadas del Plan de Austeridad del Gasto Público 2025 / Número de acciones planeadas del Plan de Austeridad del Gasto Público 2025) * 100% | M37: Objetivo del indicador: verificar el porcentaje de ejecución de las acciones definidas en el Plan de Austeridad del Gasto Público en la vigencia 2025. Numerador: corresponde al número de acciones ejecutadas del Plan de Austeridad del Gasto Público en la vigencia 2025. Denominador: corresponde al número de acciones planeadas del Plan de Austeridad del Gasto Público en la vigencia 2025. | N37: 1 | O37: 11 | P37: 31 | Q37: 0.35483871 | R37: 0.5 | S37: 0.70967742 | T37: T1: Se creó el plan (1 actividad) T2: En el seguimiento realizado al Plan de Austeridad del Gasto Público 2025, se verificó que se cumplieron las 10 actividades que estaban planeadas, logrando así un 100% de ejecución. Este resultado muestra que se hizo un control y acompañamiento constante para que cada acción avanzara según lo previsto, garantizando así que los recursos públicos se manejaran con responsabilidad y eficiencia.
A38: T30 | B38: Financiera | C38: 05. Garantizar la recuperación de cartera por procesos de cobro persuasivo y judicialización. | D38: Gestionar la recuperación de cartera producto de la administración de activos. | E38: Recuperar las obligaciones vencidas superiores a 180 días identificadas para judicialización | F38: Gestión Jurídica | G38: Dirección de Asuntos Legales Misionales | H38: Cartera recuperada por judicialización | I38: Gestión | J38: Economía | K38: Programación anual | L38: (Valor de cartera recuperada / Valor de la cartera programada a recuperar en la vigencia) * 100% | M38: Objetivo del indicador: medir la recuperación de la cartera por judicialización. Numerador: es el valor de cartera recaudado por SAE que fue programado para recuperar. Denominador: corresponde a la programación de cartera a recuperar en la vigencia. El valor a programar para la vigencia es de 2.000 millones de pesos. Nota: los datos de recaudo y metas son acumulados. | N38: 2000000000 | O38: 6 | P38: 24 | Q38: 0.25 | R38: 0.5 | S38: 0.5 | T38: Durante este periodo comprendido entre el 1 de abril y el 30 de junio de 2025. Desde la Vicepresidencia Corporativa se ejecutaron (6) seis actividades concretas que evidencian la transversalidad de la responsabilidad social empresarial como principio estratégico de gestión, articulando dimensiones internas, sociales y ambientales: • Seguimiento a las pasantías ofrecidas a jóvenes y poblaciones vulnerables, fortaleciendo la inclusión laboral y aportando a la construcción de oportunidades reales, alineado con los ODS 8 (Trabajo Decente) y 10 (Reducción de Desigualdades). • Análisis del estado de la política mediante estructuración del “Documento de análisis política de responsabilidad social empresarial sociedad de activos especiales -SAE”, que garantiza la actualización y mejora continua, reflejando el compromiso institucional de transparencia y buena gobernanza. • Capacitación sobre violencias basadas en género dirigida a los trabajadores de la SAE S.A.S en donde se contó con la participación de cerca de 500 personas como medida preventiva y de sensibilización que reafirma el respeto por los derechos humanos y la promoción de un entorno laboral seguro y equitativo. • Entrega de residuos a recicladores de oficio, vinculando responsabilidad ambiental y compromiso social, al generar oportunidades económicas a grupos de la economía popular y reducir la huella ambiental. • Diagnóstico de diversidad de la planta laboral mediante el diligenciamiento de la ENCUESTA SOCIODEMOGRAFICA realizada en el mes de junio. Lo anterior, en aras de identificar brechas y diseñar acciones que garanticen igualdad de oportunidades y representatividad. • Responsabilidad con proveedores, incluyendo criterios sociales y ambientales que fomentan cadenas de valor más sostenibles y éticas. Estas acciones no solo representan el cumplimiento formal del plan establecido, sino que además materializan los principios de la PRSE (inclusión, sostenibilidad, transparencia, respeto por los derechos humanos) y contribuyen de manera tangible a crear valor social, ambiental y económico.
A39: T31 | B39: Financiera | C39: 05. Garantizar la recuperación de cartera por procesos de cobro persuasivo y judicialización. | D39: Gestionar la recuperación de cartera producto de la administración de activos. | E39: Reducir la tasa de morosidad mediante estrategias efectivas de cobro. | F39: Disposición temporal de activos no sociales | G39: Dirección Financiera | H39: Tasa de Morosidad de la Cartera de Arrendamiento menor a 90 días | I39: Gestión | J39: Eficacia | K39: Programación anual | L39: (Valor de la cartera en mora categorías A, B y C / Valor total de la cartera de arrendamientos del FRISCO) * 100% | M39: Objetivo: Indica el porcentaje de la cartera de arrendamiento que se encuentra en mora <90 días (riesgo normal, aceptable y apreciable). Numerador: Valor de la cartera en mora categorías A, B y C Denominador: Valor total de la cartera de arrendamientos del FRISCO | N39: 0.3 | O39: 5919314254 | P39: 92122609372 | Q39: 0.064254739 | R39: 0.5 | S39: 0.12850948 | T39: Se observa que, al cierre de junio de 2025, el 6,43 % de la cartera corresponde a un rango de morosidad de 0 a 90 días. | U39: Para el segundo semestre del junio 2025, se presente disminución en el recaudo de contratos de arrendamiento por novedades en los sistemas misionales, lo que incremento el valor de cartera pero se mantuvo el control en las edades de mora menores a 90 días.
A40: T32 | B40: Financiera | C40: 05. Garantizar la recuperación de cartera por procesos de cobro persuasivo y judicialización. | D40: Gestionar la recuperación de cartera producto de la administración de activos. | E40: Aumentar el cumplimiento de los acuerdos de pago suscritos por arrendatarios en mora | F40: Disposición temporal de activos no sociales | G40: Dirección Financiera | H40: Porcentaje de Acuerdos de Pago Cumplidos | I40: Producto | J40: Economía | K40: Demanda | L40: (Número de acuerdos de pago vigentes cumplidos al corte / Número total de acuerdos vigentes al corte) * 100% | M40: Objetivo: Evalúa el porcentaje de acuerdos de pago suscritos mediante cobro persuasivo que están siendo cumplidos por los deudores. Numerador: Número de acuerdos de pago vigentes cumplidos al corte Denominador: Número total de acuerdos vigentes al corte | N40: 0.9 | O40: 67 | P40: 110 | Q40: 0.33838384 | R40: 0.5 | S40: 0.67676768 | T40: Para el segundo trimestre de 2025 se observa una disminución en el cumplimiento de los acuerdos de pago por parte de los arrendatarios, alcanzando solo un 61 %. | U40: En mayo de 2025 se presentaron diversas inconsistencias técnicas en la pasarela de pagos utilizada para el recaudo de arrendamientos, lo que impidió que muchos inquilinos pudieran cumplir con sus obligaciones a tiempo. Posteriormente, en junio de 2025, el aplicativo misional TESEO, utilizado para la gestión de contratos de arrendamiento, sufrió una suspensión de aproximadamente 15 días, afectando significativamente los procesos de recaudo y facturación. Estos incidentes tecnológicos generaron retrasos en los pagos y complicaron la conciliación de cuentas, incrementando la morosidad.
A41: T33 | B41: Financiera | C41: 05. Garantizar la recuperación de cartera por procesos de cobro persuasivo y judicialización. | D41: Gestionar la recuperación de cartera producto de la administración de activos. | E41: Maximizar la recuperación de la cartera mediante el cobro de pólizas. | F41: Disposición temporal de activos no sociales | G41: Dirección Financiera | H41: Tasa de Recuperación mediante Pólizas de Arrendamiento | I41: Gestión | J41: Eficacia | K41: Demanda | L41: (Valor recuperado mediante pólizas que presentaban mora / Valor total de la cartera cubierta por pólizas en situación de mora) * 100% | M41: Objetivo: Mide el porcentaje de la cartera de arrendamiento recuperada a través del cobro de pólizas de arrendamiento a las aseguradoras. Numerador: Valor recuperado mediante pólizas que presentaban mora Denominador: Valor total de la cartera cubierta por pólizas en situación de mora | N41: 0.2 | O41: 615298289 | P41: 2016751530 | Q41: 0.76273438 | R41: 0.5 | S41: 1.5254688 | T41: Durante el segundo trimestre del año 2025, se reportaron un total de 330 contratos por mora ante las aseguradoras, obteniendo la indemnización del 31% de la cartera de estos contratos. | U41: Por medio de el seguimiento y los enlaces con las aseguradoras y afianzadoras, se esta logrando el aumento en la recuperación de cartera por medio de siniestros, permitiendo no dejar avanzar en edades de mora a estos contratos.
A42: T34 | B42: Grupos de Interés | C42: 06. Garantizar el acceso a la información pública, la participación ciudadana y el diálogo social entre la SAE y poblaciones constitucionalmente protegidas y demás grupos de interés, con principios de inclusión, transparencia, calidad y consistencia. | D42: Generar espacios de participación ciudadana y diálogo social con los grupos de interés de SAE | E42: Realizar acciones de acompañamiento a las organizaciones sociales y entidades publicas en el marco del acercamiento territorial. | F42: Comunicación estratégica y atención a las ciudadanías | G42: Dirección Territorial Caribe | H42: Ferias de servicios territoriales gestionadas | I42: Producto | J42: Eficacia | K42: Programación anual | L42: (Número de ferias de servicios gestionadas / Número de ferias de servicios definidas en la meta)*100% | M42: Objetivo del indicador: medir las ferias de servicios realizadas por las Direcciones Territoriales durante la vigencia. Numerador: corresponde a las ferias de servicios en las que participe la Dirección Territorial. Denominador: corresponde a la ferias de servicios definidas en las metas. | N42: 2 | O42: 1 | P42: 2 | Q42: 0.5 | R42: 0.5 | S42: 1 | T42: En el primer semestre de 2025 se realizó una feria de servicios en la Agencia de Montería de la Territorial caribe de la SAE.
A43: T35 | B43: Grupos de Interés | C43: 06. Garantizar el acceso a la información pública, la participación ciudadana y el diálogo social entre la SAE y poblaciones constitucionalmente protegidas y demás grupos de interés, con principios de inclusión, transparencia, calidad y consistencia. | D43: Generar espacios de participación ciudadana y diálogo social con los grupos de interés de SAE | E43: Realizar acciones de acompañamiento a las organizaciones sociales y entidades publicas en el marco del acercamiento territorial. | F43: Comunicación estratégica y atención a las ciudadanías | G43: Dirección Territorial Centro Oriente | H43: Ferias de servicios territoriales gestionadas | I43: Producto | J43: Eficacia | K43: Programación anual | L43: (Número de ferias de servicios gestionadas / Número de ferias de servicios definidas en la meta)*100% | M43: Objetivo del indicador: medir las ferias de servicios realizadas por las Direcciones Territoriales durante la vigencia. Numerador: corresponde a las ferias de servicios en las que participe la Dirección Territorial. Denominador: corresponde a la ferias de servicios definidas en las metas. | N43: 2 | O43: 2 | P43: 2 | Q43: 1 | R43: 0.5 | S43: 1 | T43: La primera feria de servicios se realizó en la ciudad de Florencia, Caquetá los días 11 y 12 de febrero, en donde se tuvo acompañamiento de la Dirección Comercial y Comunicaciones, y se realizaron las siguientes actividades: 1. Reunión bilateral para ofrecer inmuebles en venta directa a entidades públicas con Alcaldía y Gobernación. 2. Reunión bilateral para presentación de rutas de acceso a comerciantes con el presidente de la Cámara de Comercio de Florencia. 3. Atención a la ciudadanía, presentación de rutas de acceso y de portafolio para venta en sesión abierta, en la sede de Cámara de Comercio. La segunda Feria de Servicios se desarrolló en la ciudad de Bucaramanga, Santander, los días 3 y 4 de junio en donde se realizaron reuniones bilaterales con la Alcaldía de Bucaramanga, Caja de Compensación Familiar Comfenalco Santander, y se dio atención a la ciudadanía en articulación con la Dirección Comercial y Vicepresidencia de Sociedades. Igualmente se contó con un stand del Banco Agrario.
A44: T36 | B44: Grupos de Interés | C44: 06. Garantizar el acceso a la información pública, la participación ciudadana y el diálogo social entre la SAE y poblaciones constitucionalmente protegidas y demás grupos de interés, con principios de inclusión, transparencia, calidad y consistencia. | D44: Generar espacios de participación ciudadana y diálogo social con los grupos de interés de SAE | E44: Realizar acciones de acompañamiento a las organizaciones sociales y entidades publicas en el marco del acercamiento territorial. | F44: Comunicación estratégica y atención a las ciudadanías | G44: Dirección Territorial Occidente | H44: Ferias de servicios territoriales gestionadas | I44: Producto | J44: Eficacia | K44: Programación anual | L44: (Número de ferias de servicios gestionadas / Número de ferias de servicios definidas en la meta)*100% | M44: Objetivo del indicador: medir las ferias de servicios realizadas por las Direcciones Territoriales durante la vigencia. Numerador: corresponde a las ferias de servicios en las que participe la Dirección Territorial. Denominador: corresponde a la ferias de servicios definidas en las metas. | N44: 2 | O44: 1 | P44: 2 | Q44: 0.5 | R44: 0.5 | S44: 1 | T44: Se realizo una feria Inmobiliaria a nivel nacional en unión con el FNA, teniendo en cuenta el convenio entra esta entidad y la SAE.
A45: T37 | B45: Grupos de Interés | C45: 06. Garantizar el acceso a la información pública, la participación ciudadana y el diálogo social entre la SAE y poblaciones constitucionalmente protegidas y demás grupos de interés, con principios de inclusión, transparencia, calidad y consistencia. | D45: Generar espacios de participación ciudadana y diálogo social con los grupos de interés de SAE | E45: Realizar acciones de acompañamiento a las organizaciones sociales y entidades publicas en el marco del acercamiento territorial. | F45: Comunicación estratégica y atención a las ciudadanías | G45: Dirección Territorial Sur | H45: Ferias de servicios territoriales gestionadas | I45: Producto | J45: Eficacia | K45: Programación anual | L45: (Número de ferias de servicios gestionadas / Número de ferias de servicios definidas en la meta)*100% | M45: Objetivo del indicador: medir las ferias de servicios realizadas por las Direcciones Territoriales durante la vigencia. Numerador: corresponde a las ferias de servicios en las que participe la Dirección Territorial. Denominador: corresponde a la ferias de servicios definidas en las metas. | N45: 2 | O45: 0 | P45: 2 | Q45: 0 | R45: 0.5 | S45: 0 | T45: Para el primer semestre del 2025 la Dirección territorial sur no ha gestionado ferias de servicios. | U45: Para el primer semestre del 2025 la Dirección territorial sur no ha gestionado ferias de servicios.
A46: T38 | B46: Grupos de Interés | C46: 06. Garantizar el acceso a la información pública, la participación ciudadana y el diálogo social entre la SAE y poblaciones constitucionalmente protegidas y demás grupos de interés, con principios de inclusión, transparencia, calidad y consistencia. | D46: Generar espacios de participación ciudadana y diálogo social con los grupos de interés de SAE | E46: Desarrollar espacios virtuales con los diferentes grupos de interés para promover la productividad de los bienes que administra la Entidad. | F46: Comunicación estratégica y atención a las ciudadanías | G46: Oficina de Prensa y Comunicaciones | H46: Foros virtuales dirigidos a grupos de interés | I46: Producto | J46: Eficacia | K46: Programación anual | L46: (Número de foros virtuales realizados / Número de foros virtuales programados) *100% | M46: Objetivo del indicador: medir la realización de foros virtuales realizados en los que se involucren los grupos de interés para dar conocer procedimientos, acciones, convocatorias o cualquier otro tema de interés general Numerador: corresponde a la cantidad de foros virtuales realizados y culminados exitosamente con sus evidencias respectivas. Denominador: corresponde al número de foros virtuales programados. Los foros virtuales deben contar con temáticas claras, interlocutores y actores que participan. | N46: 4 | O46: 2 | P46: 4 | Q46: 0.5 | R46: 0.5 | S46: 1 | T46: En el segundo trimestre del 2025 se realizaron dos actividades para la sensibilización y pedagogía dirigida a públicos de interés. Foro 1: 22 de abril de 2025– Modalidad de foro virtual por transmisión en vivo por red social Facebook y YouTube. Tema: mecanismos de comercialización de inmuebles y explicación del procedimiento de acceso a los portales de comercialización como CISA y El Martillo del Banco Popular. La grabación del video se ha utilizado por el área comercial para enviar por correo electrónico a potenciales clientes y solicitudes de la ciudadanía de información acerca del proceso de comercialización de inmuebles. Visualizaciones: 886 https://youtube.com/live/7LJqDSDX9WM?feature=share Foro 2: 29 de mayo de 2025- Modalidad de foro virtual por transmisión en vivo por red social Facebook y YouTube. Tema: Mecanismos de administración de bienes y proceso de venta directa a entidades e instituciones del estado. Visualizaciones: 136 https://youtu.be/zSi1nvjSww4
A47: T39 | B47: Grupos de Interés | C47: 06. Garantizar el acceso a la información pública, la participación ciudadana y el diálogo social entre la SAE y poblaciones constitucionalmente protegidas y demás grupos de interés, con principios de inclusión, transparencia, calidad y consistencia. | D47: Diversificar estrategias y canales de información pública dirigidos a la ciudadanía | E47: Generar acciones que fortalezcan el proceso de atención al ciudadano con el fin de brindar un mejor servicio a los públicos de interés | F47: Comunicación estratégica y atención a las ciudadanías | G47: Oficina de Prensa y Comunicaciones | H47: Estrategia de fortalecimiento de atención al ciudadano. | I47: Producto | J47: Eficacia | K47: Programación anual | L47: (Actividades ejecutadas de la Estrategia / Actividades programadas de la Estrategia de fortalecimiento al ciudadano) * 100% | M47: Objetivo del indicador: medir el grado de avance de la estrategia de fortalecimiento de la política de atención al ciudadano al interior de la entidad Numerador: corresponde al número de actividades realizadas para la sensibilización y fortalecimiento para la atención al ciudadano en todos los niveles organizacionales. Denominador: corresponde al número de actividades programadas para la sensibilización y fortalecimiento de la atención al ciudadano en todos los niveles organizacionales. | N47: 4 | O47: 2 | P47: 4 | Q47: 0.5 | R47: 0.5 | S47: 1 | T47: * Mesas de trabajo con el fin de mejorar el Procedimiento de Atención, Seguimiento y Control de Requerimientos. * Se cuenta con el informe de PQR de los meses de abril, mayo y junio, en los que se presentan el estado de este proceso. * Se ha revisado junto a la Oficina de Planeación y Prospectiva el Plan de Mejora de PQR, y se acordó dejar la versión actual, mientras se expide el procedimiento que está en proceso de actualización, para que este esté armonizado.
A48: T40 | B48: Grupos de Interés | C48: 07. Promover la creación de alianzas público populares, comunitarias, cooperativas, corporativas y de cooperación internacional, que permitan el uso y el goce de bienes y servicios de la SAE por parte de sus grupos de interés, así como su fortalecimiento institucional. | D48: Generar alianzas estratégicas para el cumplimiento de los objetivos institucionales de SAE | E48: Establecer alianzas públicas y de cooperación internacional para el desarrollo de proyectos priorizados por la Presidencia SAE. | F48: Gobierno y Gestión de la Estrategia | G48: Dirección de Proyectos | H48: Gestión de alianzas públicas y de cooperación internacional de nivel estratégico | I48: Gestión | J48: Eficacia | K48: Programación anual | L48: (Alianzas públicas y de cooperación internacional de nivel estratégico gestionadas / Alianzas públicas, privadas y de cooperación internacional de nivel estratégico programadas) * 100% | M48: Objetivo del indicador: medir la cantidad de alianzas públicas (entidades y agencias de orden nacional y territorial) y de cooperación internacional, que se gestionen a nivel estratégico para implementación de las políticas públicas de construcción de paz, reparación a víctimas, atención a los sujetos de especial protección constitucional y demás políticas afines a la misionalidad de la Sociedad y normas que la regulen, para el acompañamiento de proyectos que involucren la democratización del acceso y administración de los activos de la SAE S.A.S. Esto se materializa por medio de la construcción de planes de trabajo entre la SAE y la entidad o agencia nacional o internacional. Numerador: son las alianzas institucionales de nivel estratégico gestionadas desde la Dirección de Proyectos Denominador: son las alianzas institucionales de nivel estratégico proyectadas por la Dirección de Proyectos o direccionadas a la DP en cumplimiento de las Políticas Públicas vinculantes a la misionalidad de la SAE S.A.S Nota: Del total de alianzas a gestionar en la meta del indicador, 2 deben corresponder a alianzas de cooperación internacional. | N48: 5 | O48: 5 | P48: 5 | Q48: 1 | R48: 0.5 | S48: 1 | T48: La Dirección de Proyectos para el segundo trimestre de 2025 realizó alianzas públicas con: 1. Sistema Nacional de Atención y Reparación Integral a las Víctimas (SNARIV): Se dio inicio a la construcción de la ruta de acceso a activos con priorización para organizaciones de víctimas dando cumplimiento a los lineamientos establecidos en la Metodología de Administración de bienes del FRISCO. 2. Ministerio de Cultura: Se consolidó ruta con Ministerio de las Culturas, las Artes y los Saberes para promover la destinación de activos a fines de fortalecimiento social mediante la puesta en marcha de actividades culturales que aportan a la construcción de paz. 3. Centro Nacional de Memoria Histórica: Se estableció ruta para contar con Asistencia Técnica especializada que conduzca a la apertura de lugares de memoria en activos SAE. Estas iniciativas fortalecen la territorialización de la política pública de víctimas y el cumplimiento del Acuerdo Final de Paz. Adicional a estas alianzas, en el primer trimestre de 2025 se gestionaron las siguientes alianzas públicas: 4. Agencia para la Reincorporación y la Normalización (ARN): Se estableció la ruta de acceso a los activos para Firmantes de Paz en atención a las políticas, programas y proyectos de esta entidad. 5. Unidad para la Implementación del Acuerdo de Paz (UIAP): Se definieron lineamientos para atender a las organizaciones que sean presentadas por esta Entidad para el acceso a los activos de la SAE
A49: T41 | B49: Grupos de Interés | C49: 08. Posicionar a la SAE como una entidad líder en la administración transparente de activos a nivel local, nacional e internacional con enfoque social, ambiental y productivo | D49: Diversificar estrategias y canales de información pública dirigidos a la ciudadanía | E49: Actualizar el diseño de la página web institucional de acuerdo con lo establecido por la Ley de Transparencia y la nueva imagen institucional. | F49: Comunicación estratégica y atención a las ciudadanías | G49: Oficina de Prensa y Comunicaciones | H49: Diseño de la página web | I49: Producto | J49: Eficacia | K49: Programación anual | L49: (Número de actividades planificadas / Número de actividades ejecutadas) * 100% | M49: Objetivo del indicador: medir el grado de avance del diseño de la página web institucional de la SAE. de acuerdo con las siguientes fases: 1. Evaluación del sitio actual 2. Planificación y estructura del contenido 3. Tendencias de navegación 4. Asegurarse de la coherencia con la identidad visual 5. Propuestas de desarrollo 6. Cumplimiento de normatividad para acceso a personas con discapacidades Numerador: corresponde a las etapas de diseño finalizadas por parte de la Oficina de Comunicaciones y Atención al Ciudadano. Denominador: corresponde a las etapas de diseño de la página web que incluyen arquitectura, funcionalidades y diseño de imagen de la página web. | N49: 1 | O49: 4 | P49: 6 | Q49: 0.66666667 | R49: 0.5 | S49: 1 | T49: Al final del segundo trimestre, la oficina de comunicaciones ha culminado las fases: 1. Evaluación del sitio actual 2. Planificación y estructura del contenido 3. Asegurarse de la coherencia con la identidad visual 4. Propuestas de desarrollo Denominador: corresponde a las etapas de diseño de la página web que incluyen arquitectura, funcionalidades y diseño de imagen de la página web. Se ha terminado la asesoría y el trabajo articulado de la oficina de comunicaciones con la oficina de tecnologías de la información y el proveedor Micrositios, respecto a la identidad gráfica, imagen y disposición de la página inicial (home), se hicieron sugerencias de priorización de información y la evaluación de los temas en las cajas de contenidos.
A50: T42 | B50: Grupos de Interés | C50: 08. Posicionar a la SAE como una entidad líder en la administración transparente de activos a nivel local, nacional e internacional con enfoque social, ambiental y productivo | D50: Implementar estrategias de comunicación y posicionamiento de SAE desde un enfoque productivo, social y ambiental | E50: Desarrollar estrategias de posicionamiento de la gestión de SAE a nivel interno y externo | F50: Comunicación estratégica y atención a las ciudadanías | G50: Oficina de Prensa y Comunicaciones | H50: Estrategias de posicionamiento sobre la gestión de SAE | I50: Producto | J50: Eficacia | K50: Programación anual | L50: (Número de estrategias de comunicación realizadas / Número de estrategias de comunicación programadas) * 100% | M50: Objetivo del indicador: medir las estrategias de comunicación realizadas sobre la gestión de SAE, con el fin de informar a públicos de interés sobre la administración de activos especiales. Numerador: hace alusión al número de estrategias de comunicación realizadas con sus respectivas evidencias. Denominador: corresponde al número de estrategias programadas para posicionamiento a nivel interno y externo. Los canales oficiales para su divulgación son: Correo electrónico institucional, pantallas digitales o activaciones internas. A nivel externo se tiene previsto hacer uso de: boletín de prensa en canales externos como la página web, redes sociales y free press. | N50: 8 | O50: 4 | P50: 8 | Q50: 0.5 | R50: 0.5 | S50: 1 | T50: Comunicación Interna – Plan de Acción 2025 Corte al segundo trimestre (01/01 al 30/06/2025) Estrategias de posicionamiento interno implementadas a través de los canales oficiales: • Correo institucional: 218 piezas gráficas enlace: https://saesas-my.sharepoint.com/:x:/r/personal/lbautista_saesas_gov_co/_layouts/15/Doc.aspx?sourcedoc=%7B1BBD5013-7070-4CAB-986F-E12BB71FAB9E%7D&file=SOLICITUDES%20COMUNICACIO%CC%81N%20INTERNA%20SAE.xlsx&action=default&mobileredirect=true&DefaultItemOpen=1 • Pantallas digitales: 43 videos y 65 gráficas (108 en total) • Boletín informativo: 38 ediciones enlace: https://saesas-my.sharepoint.com/:p:/g/personal/aovalle_saesas_gov_co/EU73NvoMpfNFkBvy3CoEEvUBdWW_LDJdb6WJGYpTdcG9Sg?e=7VXhld • Parche SAE News: 7 ediciones enlace: https://view.genially.com/685ea141e161ba2f3ab9db97 • Parche SAE TV: 6 emisiones Frente a comunicación externa. En el segundo trimestre se realizaron 515 publicaciones en redes sociales de productos audiovisuales, comunicados y post de texto, que contribuyeron al avance del posicionamiento institucional en cuatro estrategias temáticas. Impulso Social - Impulso Agro - Impulso para la paz - Impulso Comercial
A51: T43 | B51: Grupos de Interés | C51: 08. Posicionar a la SAE como una entidad líder en la administración transparente de activos a nivel local, nacional e internacional con enfoque social, ambiental y productivo | D51: Diseñar estrategias de medición de percepción de calidad y/o oportunidad del servicio ofrecido por SAE a nivel externo e interno | E51: Medir la percepción y satisfacción que tienen el público externo frente a SAE | F51: Comunicación estratégica y atención a las ciudadanías | G51: Oficina de Prensa y Comunicaciones | H51: Mediciones de satisfacción y/o percepción a nivel externo e interno | I51: Gestión | J51: Eficacia | K51: Programación anual | L51: (Número de mediciones externas e internas realizadas / Número de mediciones externas e internas programadas) * 100% | M51: Objetivo del indicador: aplicar mediciones de percepción y satisfacción externas o internas sobre la gestión institucional. Numerador: corresponde al número de mediciones realizadas a nivel externo e interno a través de los canales dispuestos para tal fin. La medición de percepción se considera como finalizada cuando se obtienen los resultados de la encuesta a nivel semestral. Denominador: corresponde al número de mediciones programadas de satisfacción y percepción de la gestión de SAE. Para la vigencia se tiene previsto 8 mediciones distribuidas de la siguiente forma: *Medición de satisfacción 2 y percepción 2 interna. *Medición de satisfacción 2 y percepción 2 externa. | N51: 8 | O51: 6 | P51: 8 | Q51: 0.75 | R51: 0.5 | S51: 1 | T51: * Durante el año 2025, se han realizado mes a mes encuestas de medición externa (6 durante el primer semestre), aplicada a los peticionarios que reciben su respuesta, no es obligatoria. Los resultados y análisis se encuentran consignados en los informes de PQR publicados en la página web. * Se cuenta con el Anexo Técnico encuesta de Satisfacción V.1 , recientemente, en proceso de revisión por parte de la Oficina de Planeación. Este documento sustenta técnicamente el ajuste de la encuesta, presenta las variables, el cual, una vez contemos con su aprobación, permitirá medir de mejor manera la satisfacción de los usuarios externos. | U51: Se proyecta avanzar en la formulación de una Política de Atención al Ciudadano, incorporando anexos que contemplen, entre otros aspectos, la medición interna de su implementación y resultados.
A52: T44 | B52: Procesos | C52: 09. Garantizar la mejora continua del modelo de operación de la SAE basado en acciones de optimización, automatización, control y articulación de procesos contribuyendo a la reducción de tiempos, la transparencia en la operación y el cumplimiento de objetivos institucionales. | D52: Estandarizar, optimizar y automatizar procesos de SAE de acuerdo a nuevo modelo operacional | E52: Actualizar las Tablas de Retención Documental de todas las áreas de la SAE S.A.S. | F52: Gestión Documental | G52: Dirección Administrativa | H52: Tablas de Retención Documental elaboradas | I52: Gestión | J52: Eficacia | K52: Programación anual | L52: (Número de dependencias con propuesta de TRD elaborada/ Número de dependencias con actualización de TRD) * 100% | M52: Objetivo del indicador: medir el estado de avance de la implementación del proceso de actualización de tablas de retención documental en SAE. Numerador: corresponde al número de dependencias que cuenten con propuesta elaborada de Tablas de Retención Documental, es decir, cuando las tablas tengan preaprobación por parte de cada área frente a la conformación de series, subseries y tipos documentales. Denominador: corresponde al total de áreas que conforman a la SAE que requieren actualización de Tablas de Retención Documental. | N52: 52 | O52: 22 | P52: 52 | Q52: 0.42307692 | R52: 0.5 | S52: 0.84615385
A53: T45 | B53: Procesos | C53: 09. Garantizar la mejora continua del modelo de operación de la SAE basado en acciones de optimización, automatización, control y articulación de procesos contribuyendo a la reducción de tiempos, la transparencia en la operación y el cumplimiento de objetivos institucionales. | D53: Estandarizar, optimizar y automatizar procesos de SAE de acuerdo a nuevo modelo operacional | E53: Realizar medición de los fallos favorables de acciones de tutela en contra de la entidad | F53: Gestión Jurídica | G53: Dirección de Asuntos Legales Misionales | H53: Tasa de fallos favorables en acciones de tutela en contra de la entidad que invoquen la protección del derecho de petición | I53: Gestión | J53: Calidad | K53: Demanda | L53: (Número de acciones de tutela con fallo favorable en el año en curso que invocan la protección del derecho de petición / Número de acciones de tutela recibidas por la entidad en el año en curso que invocan la protección del derecho de petición) * 80% | M53: Objetivo del indicador: medir el porcentaje de fallos favorables de acciones de tutela en contra de la entidad que invocan la protección del derecho de petición. Numerador: corresponde a las acciones de tutela favorables que invocan la protección del derecho de petición. Denominador: corresponde a las acciones de tutela recibidas por la entidad que invocan la protección del derecho de petición. | N53: 0.8 | O53: 81 | P53: 178 | Q53: 0.28441011 | R53: 0.5 | S53: 0.56882022 | T53: Durante el periodo evaluado, se logró la ejecución del 93% de las acciones previstas en el Plan de Gestión Ambiental 2025, lo que refleja un alto nivel de compromiso institucional con la sostenibilidad y el cumplimiento de los objetivos ambientales. Entre las acciones desarrolladas se destacan: *Actividades de seguimiento para verificar el cumplimiento de compromisos ambientales. *Inspecciones ambientales a diferentes procesos y espacios físicos, especialmente a sistemas de iluminación y zonas de almacenamiento temporal de residuos, confirmando su buen estado y conformidad con las buenas prácticas. *Actualización de documentos técnicos y procedimentales, garantizando su alineación con la normativa ambiental vigente. *Actualización de la línea base de consumo de recursos (agua, energía, entre otros), que servirá como referencia para medir avances en eficiencia y ahorro. *Actividades ambientales y jornadas de sensibilización dirigidas a fortalecer la cultura ambiental interna. *Capacitaciones al personal sobre buenas prácticas ambientales, manejo de residuos y uso eficiente de recursos. Las tres acciones no ejecutadas fueron reprogramadas por razones operativas, sin que ello implique su cancelación definitiva, manteniéndose como compromisos vigentes a desarrollar en el corto plazo.
A54: T46 | B54: Procesos | C54: 09. Garantizar la mejora continua del modelo de operación de la SAE basado en acciones de optimización, automatización, control y articulación de procesos contribuyendo a la reducción de tiempos, la transparencia en la operación y el cumplimiento de objetivos institucionales. | D54: Fortalecer estrategias y espacios de control, seguimiento y aseguramiento en el marco de la misionalidad de SAE | E54: Medir la eficiencia del traslado de sociedades desde el portafolio de la Dirección de Gobierno Control y Democratización de Sociedades hacia la Dirección de Control de Liquidaciones. | F54: Gestión del portafolio de sociedades | G54: Dirección de Gobierno, Control y Democratización de Sociedades | H54: Índice de Traslado Eficiente de Sociedades a la Dirección de Control de Liquidaciones | I54: Gestión | J54: Calidad | K54: Programación anual | L54: (Número de sociedades efectivamente trasladadas al la Dirección de Seguimiento y Control de Liquidaciones / Sociedades con causal de liquidación inscrita en cámara de comercio que hacen parte del portafolio de la Dirección de Gobierno, Control y Democratización de Sociedades) * 100% | M54: Objetivo del indicador: Medir el eficiente traslado de sociedades que no cuentan con la hipótesis de negocio en marcha del portafolio de la Dirección de Gobierno Control y Democratización de Sociedades a la Dirección de Control de Liquidaciones Numerador: Corresponde a las sociedades trasladadas a la Dirección de Control de Liquidaciones Denominador: Corresponde a las sociedades con causal de liquidación inscrita en cámara de comercio que hacen parte del portafolio de la Dirección de Gobierno, Control y Democratización de Sociedades | N54: 37 | O54: 16 | P54: 37 | Q54: 0.43243243 | R54: 0.5 | S54: 0.86486486 | T54: Se adelantaron las gestiones indicadas en el procedimiento de traslado de activos a la Dirección de Seguimiento y Control de Liquidaciones, en COMITÉ TECNICO DE SOCIEDADES en sesión ordinaria virtual - sincrónica celebrada el 06 de mayo de 2025, registrada en acta No.108, se aprobó el traslado de 9 sociedades; sin embargo, quedó condicionado el traslado de una sociedad.
A55: T47 | B55: Procesos | C55: 09. Garantizar la mejora continua del modelo de operación de la SAE basado en acciones de optimización, automatización, control y articulación de procesos contribuyendo a la reducción de tiempos, la transparencia en la operación y el cumplimiento de objetivos institucionales. | D55: Fortalecer estrategias y espacios de control, seguimiento y aseguramiento en el marco de la misionalidad de SAE | E55: Realizar auditorías e inspección sobre las Sociedades Activas administradas por SAE | F55: Gestión del portafolio de sociedades | G55: Dirección de Gobierno, Control y Democratización de Sociedades | H55: Visitas de inspección de Sociedades Activas | I55: Gestión | J55: Eficacia | K55: Programación anual | L55: (Número de sociedades activas administradas con inspecciones realizadas/ Número de sociedades Activas administradas por SAE que requieren inspección) * 100% | M55: Objetivo del indicador: medir el estado de inspección sobre las Sociedades Activas administradas por SAE a través de la ejecución de auditorías e inspecciones. Numerador: corresponde al número de Sociedades Activas con inspecciones realizadas sobre estas. Denominador: corresponde a las Sociedades Activas administradas por parte de la SAE que requieren inspección de acuerdo a la necesidad. | N55: 100 | O55: 88 | P55: 100 | Q55: 0.88 | R55: 0.5 | S55: 1 | T55: Con el fin de evaluar el estado actual de las sociedades y establecimientos de comercio que se encuentran a cargo de la Dirección, se han realizado 88 visitas de inspección. | U55: Teniendo en cuenta la sugerencia de ampliar la meta, agradecemos establecer un valor correspondiente a 150 visitas.
A56: T48 | B56: Procesos | C56: 09. Garantizar la mejora continua del modelo de operación de la SAE basado en acciones de optimización, automatización, control y articulación de procesos contribuyendo a la reducción de tiempos, la transparencia en la operación y el cumplimiento de objetivos institucionales. | D56: Estandarizar, optimizar y automatizar procesos de SAE de acuerdo a nuevo modelo operacional | E56: Implementar mejoras en los trámites a partir del diálogo con los grupos de valor, garantizando estándares de excelencia en la prestación de trámites, uso de lenguaje claro y accesibilidad en los canales de atención | F56: Direccionamiento Estratégico | G56: Dirección de Planeación y Prospectiva | H56: Avance en la estrategia de racionalización de trámites | I56: Gestión | J56: Eficacia | K56: Programación anual | L56: (Número de actividades realizadas del plan de racionalización de trámites / Número de actividades programadas del plan de racionalización de trámites) * 100% | M56: Objetivo del indicador: Realizar seguimiento al avance en la política pública de racionalización de trámites, en articulación con las dependencias relacionadas y buscando la mejora en el relacionamiento con los grupos de valor. Numerador: Corresponde al número de actividades avanzadas en del plan de racionalización de trámites. Denominador: Corresponde al número de actividades programadas del plan de racionalización de trámites. | N56: 1 | O56: 2 | P56: 5 | Q56: 0.4 | R56: 0.5 | S56: 0.8 | T56: Ya se cuenta con el plan de trabajo para iniciar la implementación de la propuesta de mejora del trámite. El plan ha sido estructurado de acuerdo con los objetivos establecidos. Con esto, se garantiza el inicio de la implementación en los plazos previstos, buscando mejorar la eficiencia y calidad del trámite en cuestión. | U56: Las acciones que se van a desarrollar para dar cumplimiento son: 1. Mesas de trabajo con las áreas involucradas en el trámite. 2. Realizar el ajuste en la página Web de la SAE S.A.S., de acuerdo con la estandarización de la mejora validada por las partes. 3. Divulgar a las partes interesadas y a los funcionarios de la SAE S.A.S la implementación de la mejora. 4. Realizar la medición de satisfacción y brindar las cifras sobre la percepción de la implementación de la mejora.
A57: T49 | B57: Procesos | C57: 09. Garantizar la mejora continua del modelo de operación de la SAE basado en acciones de optimización, automatización, control y articulación de procesos contribuyendo a la reducción de tiempos, la transparencia en la operación y el cumplimiento de objetivos institucionales. | D57: Estandarizar, optimizar y automatizar procesos de SAE de acuerdo a nuevo modelo operacional | E57: Reducir el inventario de las sociedades en liquidación con activos | F57: Disposición o democratización final de activos | G57: Dirección de Seguimiento y Control de Liquidaciones | H57: Sociedades con activos liquidadas | I57: Producto | J57: Eficacia | K57: Programación anual | L57: (Número de sociedades con activos liquidadas / Número de sociedades con activos priorizados para cierre liquidatario) * 100% | M57: Objetivo del indicador: medir la reducción del inventario de las sociedades con activos en liquidación. Numerador: corresponde a las sociedades liquidadas registrados en el sistema de información de SAE con marcación de "Pre -Estado" en el inventario. Denominador: corresponde a las sociedades con activos priorizadas para cierre liquidatario en la vigencia 2025. | N57: 4 | O57: 0 | P57: 4 | Q57: 0 | R57: 0.5 | S57: 0 | T57: Para el segundo trimestre se celebro la junta extraordinaria de socios de la sociedad GOLD`S GYM LTDA EN LIQUIDACION, mediante la cual se aprobó el acta de cuenta final, se encuentra en proceso de cancelación de registro para solicitar la pre- marcación en el inventario | U57: No se cargan evidencias para este trimestre en razón a que se encuentra en proceso de cancelación del RIT y RUT de la sociedad GOLD`S GYM LTDA EN LIQUIDACION para poder hacer la pre-marcación en SIGMA SAE
A58: T50 | B58: Procesos | C58: 09. Garantizar la mejora continua del modelo de operación de la SAE basado en acciones de optimización, automatización, control y articulación de procesos contribuyendo a la reducción de tiempos, la transparencia en la operación y el cumplimiento de objetivos institucionales. | D58: Estandarizar, optimizar y automatizar procesos de SAE de acuerdo a nuevo modelo operacional | E58: Reducir el inventario de las sociedades en liquidación sin activos y cancelar matrículas de establecimientos de comercio | F58: Disposición o democratización final de activos | G58: Dirección de Seguimiento y Control de Liquidaciones | H58: Sociedades sin activos liquidadas y cancelación de matrículas de establecimientos de comercio. | I58: Producto | J58: Eficacia | K58: Programación anual | L58: (Sociedades sin activos con cierre de procesos liquidatarios y establecimientos de comercio con cancelación de matrículas / Sociedades sin activos y establecimientos de comercio priorizados para cierre liquidatario) *100% | M58: Objetivo del indicador: Medir la reducción del inventario respecto a la cancelación de matrículas de las sociedades en liquidación sin activos y de los establecimientos de comercio. Numerador: corresponde a las sociedades sin activos liquidadas y establecimientos de comercio con cancelación de matrículas registrados en el sistema de información de SAE con marcación de " Pre- Estado" en el inventario. Denominador: corresponde a las sociedades sin activos y establecimientos de comercio priorizados para cierre liquidatario o cancelación de matrícula en la vigencia 2025. | N58: 70 | O58: 0 | P58: 70 | Q58: 0 | R58: 0.5 | S58: 0 | T58: La dirección de liquidaciones ejecuto como plan de acción la circularización de sociedades de papel con el fin de identificar posibles activos y así surtir el proceso de cancelación de registro para aquellas que como resultado resulte un activo en cero ($0) y/o un pasivo insoluto, se encuentra sujeto a la asignación de un liquidador para verificación de las respuestas de circularización y poder hacer las cancelaciones respectivas | U58: No se cargan evidencias en razón a que la Dirección realizó la circularización de sociedades de papel y se esta en proceso de realización de visitas para determinar las posibles cancelaciones de establecimientos de comercio de papel
A59: T51 | B59: Procesos | C59: 09. Garantizar la mejora continua del modelo de operación de la SAE basado en acciones de optimización, automatización, control y articulación de procesos contribuyendo a la reducción de tiempos, la transparencia en la operación y el cumplimiento de objetivos institucionales. | D59: Estandarizar, actualizar y mejorar la información del inventario de activos administrados por SAE y otras bases de datos con criterios de calidad y oportunidad | E59: Ejecutar un plan de trabajo anual del Sistema de Gestión de Seguridad y Salud en el Trabajo | F59: Gestión del Talento Humano | G59: Dirección de Talento Humano | H59: Cumplimiento del plan de Trabajo anual del Sistema de Gestión de Seguridad y Salud en el Trabajo | I59: Gestión | J59: Eficacia | K59: Programación anual | L59: (Numero de actividades ejecutadas del plan de trabajo anual del SGSST / Numero de actividades programadas en el plan de trabajo anual del SGSST) *100% | M59: Objetivo del indicador: Medir el cumplimiento de ejecución del plan de trabajo anual del SGSST Numerador: Numero de actividades ejecutadas del plan de trabajo anual del SGSST. Denominador: Numero de actividades programadas en el plan de trabajo anual del SGSST. Plan de trabajo anual del Sistema de Gestión de Seguridad y Salud en el Trabajo: Proceso sistemático basado en el ciclo PHVA, que tiene como finalidad la prevención de accidentes de trabajo y enfermedades de origen laboral, enmarcado en el cumplimiento legal y la mejora continua | N59: 0.94 | O59: 223 | P59: 245 | Q59: 0.91020408 | R59: 0.5 | S59: 1
A60: T52 | B60: Procesos | C60: 09. Garantizar la mejora continua del modelo de operación de la SAE basado en acciones de optimización, automatización, control y articulación de procesos contribuyendo a la reducción de tiempos, la transparencia en la operación y el cumplimiento de objetivos institucionales. | D60: Fortalecer estrategias y espacios de control, seguimiento y aseguramiento en el marco de la misionalidad de SAE | E60: Adoptar una estrategia de medición de carácter preventiva disciplinaria que contribuya al fortalecimiento de las funciones de los trabajadores de la Entidad. | F60: Gestión del Talento Humano | G60: Dirección de Talento Humano | H60: Seguimiento a la estrategia preventiva disciplinaria de la entidad | I60: Gestión | J60: Calidad | K60: Demanda | L60: (Actividades ejecutadas de el seguimiento a la estrategia de Prevención Disciplinaria / Actividades programadas para el seguimiento de la Estrategia de Prevención Disciplinaria) * 100% | M60: Objetivo del indicador: medir el cumplimiento de la Estrategia de Prevención Disciplinaria. Numerador: corresponde a la ejecución de actividades o iniciativas priorizadas en la vigencia relacionadas con la Estrategia de Prevención Disciplinaria. Denominador: corresponde a las actividades programadas en la vigencia relacionadas con la Estrategia de Prevención Disciplinaria. Este universo puede ser variable de acuerdo con el plan de trabajo establecido en materia de sensibilización, documentación u otras etapas necesarias para la estrategia de prevención disciplinaria. | N60: 1 | O60: 65 | P60: 35 | Q60: 0.92857143 | R60: 0.5 | S60: 1.8571429 | T60: Durante el trimestres se han recepcionado 65 quejas, de las cuales se han venido gestionando y evacuando de acuerdo al orden de llegada contando con 3 colaboradores dentro del GIT
A61: T53 | B61: Procesos | C61: 09. Garantizar la mejora continua del modelo de operación de la SAE basado en acciones de optimización, automatización, control y articulación de procesos contribuyendo a la reducción de tiempos, la transparencia en la operación y el cumplimiento de objetivos institucionales. | D61: Fortalecer estrategias y espacios de control, seguimiento y aseguramiento en el marco de la misionalidad de SAE | E61: Realizar el seguimiento y control de la ejecución presupuestal de gasto de SAE | F61: Gestión Financiera | G61: Dirección Financiera | H61: Ejecución presupuestal de gasto de SAE | I61: Gestión | J61: Economía | K61: Programación anual | L61: (Valor del presupuesto de gasto ejecutado en SAE / Valor del Presupuesto de gasto SAE aprobado ) * 100% | M61: Objetivo del indicador: medir la ejecución presupuestal de gastos de SAE aprobados en la vigencia. Numerador: corresponde al presupuesto ejecutado, acumulado y registrado en el aplicativo financiero. Denominador: el valor de presupuesto de gasto de SAE programado corresponde al aprobado por la Junta Directiva. | N61: 145170000000 | O61: 80689548761 | P61: 145170000000 | Q61: 0.55582799 | R61: 0.5 | S61: 1 | T61: El porcentaje de ejecución sobre compromisos fue del 56% sobre la meta anual, donde el rubro más representativo obedece al concepto de gastos asociados a la nómina, seguido por el rubro de arrendamientos de bienes inmuebles.
A62: T54 | B62: Procesos | C62: 09. Garantizar la mejora continua del modelo de operación de la SAE basado en acciones de optimización, automatización, control y articulación de procesos contribuyendo a la reducción de tiempos, la transparencia en la operación y el cumplimiento de objetivos institucionales. | D62: Fortalecer estrategias y espacios de control, seguimiento y aseguramiento en el marco de la misionalidad de SAE | E62: Realizar el seguimiento y control de la ejecución presupuestal de gasto de FRISCO | F62: Gestión Financiera | G62: Dirección Financiera | H62: Ejecución presupuestal de gasto de FRISCO | I62: Gestión | J62: Economía | K62: Programación anual | L62: (Valor del presupuesto de gasto ejecutado en FRISCO / Valor del Presupuesto de gasto FRISCO aprobado) * 100% | M62: Objetivo del indicador: medir la ejecución presupuestal de gastos de FRISCO aprobados en la vigencia Numerador: corresponde al presupuesto ejecutado, acumulado y registrado en el aplicativo financiero. Denominador: el valor de presupuesto de gasto de FRISCO programado corresponde al aprobado por el Consejo Nacional de Estupefacientes. | N62: 764852103206 | O62: 483398894081 | P62: 764852103206 | Q62: 0.63201617 | R62: 0.5 | S62: 1 | T62: El porcentaje de ejecución sobre compromisos se encuentra en un 63% sobre la meta anual, donde el rubro más representativo son los gastos asociados a pago de impuestos prediales, bodegaje, avalúos y transferencias,
A63: T55 | B63: Procesos | C63: 09. Garantizar la mejora continua del modelo de operación de la SAE basado en acciones de optimización, automatización, control y articulación de procesos contribuyendo a la reducción de tiempos, la transparencia en la operación y el cumplimiento de objetivos institucionales. | D63: Fortalecer estrategias y espacios de control, seguimiento y aseguramiento en el marco de la misionalidad de SAE | E63: Evaluar a partir de la revisión documental y/o evidencias la administración de las sociedades y/o establecimientos de comercio a nivel contable, financiero, tributario y/o jurídico (dependiendo de la información disponible), relevantes para el cumplimiento de las metas institucionales, generando las alertas a que haya lugar como resultado de las auditorías realizadas. | F63: Gestión del portafolio de sociedades | G63: Gerencia de Auditoría a Sociedades | H63: Escalamiento de alertas relacionadas con la administración de sociedades y/o establecimientos de comercio y definición de planes de acción | I63: Gestión | J63: Eficacia | K63: Programación anual | L63: (((Alertas relacionadas con la administración de las sociedades y/o establecimientos de comercio informadas para la toma de decisiones / Alertas relacionadas con la administración de las sociedades y/o establecimientos de comercio identificadas en los ejercicios de auditoría) * 50%) + ((Alertas con planes de acción requeridos / Alertas relacionadas con la administración de las sociedades y/o establecimientos de comercio identificadas en los ejercicios de auditoría) * 50%)) * 100% | M63: Objetivo del indicador: medir el porcentaje de escalamiento a las instancias de decisión (Vicepresidencia de Sociedades y/o sus direcciones y Presidencia SAE), de las alertas de tipo contable, financiero, tributario o jurídico identificadas sobre la administración de sociedades y/o establecimientos de comercio a partir de la ejecución de auditorías y la definición de planes de acción. Numerador: corresponde al número de alertas de tipo contable, financiero, tributario o jurídico informadas para la toma de decisiones con respecto a la administración de las sociedades y/o establecimientos de comercio y al número de alertas que cuentan con un plan de acción requerido Denominador: corresponde al número de alertas de tipo contable, financiero, tributario o jurídico identificadas a partir de la ejecución de auditorías sobre la administración de las sociedades y/o establecimientos de comercio. | N63: 0.9 | O63: 59 | P63: 76 | Q63: 0.77631579 | R63: 0.5 | S63: 1 | T63: El cumplimiento de este indicador refleja una gestión de comunicación efectiva de las alertas generadas en los ejercicios de auditoría, evidenciando que fueron oportunamente informadas para la toma de decisiones. Este resultado propende por contribuir a la transparencia, eficiencia y fortalecimiento de la gobernanza en las sociedades y establecimientos de comercio auditados.
A64: T56 | B64: Procesos | C64: 09. Garantizar la mejora continua del modelo de operación de la SAE basado en acciones de optimización, automatización, control y articulación de procesos contribuyendo a la reducción de tiempos, la transparencia en la operación y el cumplimiento de objetivos institucionales. | D64: Fortalecer estrategias y espacios de control, seguimiento y aseguramiento en el marco de la misionalidad de SAE | E64: Verificar a partir de la revisión de evidencias, el "Estado" de las sociedades y/o establecimientos de comercio no migrados al aplicativo Sigma 2.0 e informar las situaciones identificadas a que haya lugar | F64: Gestión del portafolio de sociedades | G64: Gerencia de Auditoría a Sociedades | H64: Reporte "Estado" sociedades y/o establecimientos de comercio NO migrados al aplicativo sigma 2.0 | I64: Gestión | J64: Eficacia | K64: Programación anual | L64: (Sociedades y/o establecimientos de comercio con "Estado Analizado" / Sociedades no migradas) * 100% | M64: Objetivo del indicador: medir el porcentaje de sociedades y/o establecimientos de comercio NO migrados al aplicativo Sigma 2.0. frente a los cuales se tiene claro su estado, dado el análisis y verificación realizado contra los respectivos soportes. Numerador: corresponde al número de sociedades y/o establecimientos de comercio NO migrados al aplicativo Sigma 2.0. con "Estado Analizado". Denominador: corresponde al número de sociedades y/o establecimientos de comercio NO migrados al aplicativo Sigma 2.0. | N64: 0.5 | O64: 76 | P64: 165 | Q64: 0.46060606 | R64: 0.5 | S64: 0.92121212 | T64: El cumplimiento del 92 % en este indicador evidencia un avance significativo en el proceso de análisis y verificación de sociedades y/o establecimientos de comercio que aún no han sido migrados al aplicativo Sigma 2.0, permitiendo tener claridad sobre su situación con base en soportes documentales.
A65: T57 | B65: Procesos | C65: 09. Garantizar la mejora continua del modelo de operación de la SAE basado en acciones de optimización, automatización, control y articulación de procesos contribuyendo a la reducción de tiempos, la transparencia en la operación y el cumplimiento de objetivos institucionales. | D65: Fortalecer estrategias y espacios de control, seguimiento y aseguramiento en el marco de la misionalidad de SAE | E65: Elaborar, ejecutar y realizar seguimiento al plan de trabajo de Riesgos con especial énfasis en el seguimiento, monitoreo y evaluación para la mejora continua. | F65: Gestión de Cumplimiento | G65: Oficina de Integridad, Anticorrupción y Cumplimiento | H65: Avance en la implementación del plan de trabajo de riesgos | I65: Gestión | J65: Eficacia | K65: Programación anual | L65: (Número de Actividades ejecutadas del plan de trabajo de riesgos / Número de Actividades programadas del plan de trabajo de riesgos) * 100% | M65: Objetivo: medir el grado de avance de implementación del plan de trabajo del GIT de Riesgos de la OIAC Numerador: corresponde al número de actividades ejecutadas del plan de trabajo de riesgos. Se entiende como ejecutada la actividad, cuando ésta tenga la evidencia establecida. Denominador: corresponde a las actividades programadas en el plan de trabajo de riesgos para la vigencia 2025 | N65: 1 | O65: 67 | P65: 100 | Q65: 0.67 | R65: 0.5 | S65: 1 | T65: Se cumplieron las actividades planteadas para el 2do trimestre de 2025, de acuerdo con lo definido en el plan de trabajo de riesgos 2025. Se está a la espera de la emisión de la V7 de la Guía de Riesgos para la actualización de la información documentada.
A66: T58 | B66: Procesos | C66: 09. Garantizar la mejora continua del modelo de operación de la SAE basado en acciones de optimización, automatización, control y articulación de procesos contribuyendo a la reducción de tiempos, la transparencia en la operación y el cumplimiento de objetivos institucionales. | D66: Fortalecer estrategias y espacios de control, seguimiento y aseguramiento en el marco de la misionalidad de SAE | E66: Mantener, mejorar y hacer seguimiento al sistema integral de prevención del riesgo de lavado de activos, financiación del terrorismo y financiación de la proliferación de armas de destrucción masiva | F66: Gestión de Cumplimiento | G66: Oficina de Integridad, Anticorrupción y Cumplimiento | H66: Avance en el mantenimiento, mejora y seguimiento del sistema de administración de riesgos de lavado de activos y financiación del terrorismo | I66: Gestión | J66: Eficacia | K66: Programación anual | L66: (Número de actividades del Plan de trabajo ejecutadas / Número de Actividades del Plan de trabajo programadas) * 100% | M66: Objetivo: Medir el grado de avance de la implementación, mantenimiento y mejora del sistema integral de prevención del riesgo de lavado de activos, financiación del terrorismo y financiación de la proliferación de armas de destrucción masiva. Numerador: Corresponde a las actividades ejecutadas del Plan de Trabajo. Se entiende como ejecutada la actividad, cuando ésta tenga la evidencia establecida. Denominador: corresponde a las actividades programadas en el marco del plan de trabajo lo cual abarca o se apalanca en lineamientos establecidos en la Política SARLAFT | N66: 1 | O66: 65 | P66: 100 | Q66: 0.65 | R66: 0.5 | S66: 1 | T66: Durante el segundo trimestre de 2025 se dio cumplimiento a las actividades establecidas en el Plan de Trabajo del Sistema de Administración del Riesgo de Lavado de Activos y Financiación del Terrorismo (SARLAFT) así: • Actualización de Formatos: Se actualizó el formato de inhabilidades e incompatibilidades, en línea con las disposiciones vigentes y las mejores prácticas en la materia. • Transición de Procedimiento a Instructivo: Se está realizando el cambio del procedimiento a instructivo para la publicación del Reporte de Operaciones Sospechosas (ROS), en concordancia con las modificaciones propuestas en la versión 7 de la Guía de Administración del Riesgo y el diseño de controles en Entidades Públicas. • Nuevo Procedimiento de Monitoreo y Segmentación de Riesgos: Se encuentra en proceso de creación un procedimiento específico para el monitoreo y la segmentación de riesgos, con el fin de fortalecer la gestión y mitigación efectiva de estos. • Cumplimiento de Estándares de Debida Diligencia: Se cumplió con los estándares establecidos para los procesos de debida diligencia, los cuales constituyen uno de los pilares fundamentales del sistema SARLAFT. Durante el trimestre se recibieron 532 solicitudes de debida diligencia, alcanzando un 85% de cumplimiento.
A67: T59 | B67: Procesos | C67: 09. Garantizar la mejora continua del modelo de operación de la SAE basado en acciones de optimización, automatización, control y articulación de procesos contribuyendo a la reducción de tiempos, la transparencia en la operación y el cumplimiento de objetivos institucionales. | D67: Fortalecer estrategias y espacios de control, seguimiento y aseguramiento en el marco de la misionalidad de SAE | E67: Elaborar, ejecutar y realizar seguimiento al plan de trabajo de Integridad con especial énfasis en el cumplimiento de las acciones enmarcadas en la Estrategia de Lucha Contra la Corrupción de la Entidad. | F67: Gestión de Cumplimiento | G67: Oficina de Integridad, Anticorrupción y Cumplimiento | H67: Avance en la implementación del plan de trabajo del GIT Integridad. | I67: Gestión | J67: Eficacia | K67: Programación anual | L67: (Número de Actividades del Plan de trabajo ejecutadas / Número de Actividades del Plan de trabajo programadas) * 100% | M67: Objetivo: Medir el grado de avance de implementación del plan de trabajo del GIT de Integridad de la OIAC Numerador: corresponde al número de actividades ejecutadas del plan de trabajo de Integridad. Se entiende como ejecutada la actividad, cuando ésta tenga la evidencia establecida. Denominador: corresponde a las actividades programadas en el plan de trabajo de integridad para la vigencia 2025 | N67: 1 | O67: 56 | P67: 100 | Q67: 0.56 | R67: 0.5 | S67: 1 | T67: Durante el segundo trimestre de 2025 se cumplieron las actividades previstas conforme a lo establecido en el Plan de Trabajo de Integridad 2025. Actualmente, se está a la espera de la emisión de la versión 7 de la Guía de Riesgos, necesaria para proceder con la actualización de la información documentada correspondiente. En el marco del cumplimiento de las actividades programadas, se logró formular, socializar y evidenciar de manera satisfactoria la necesidad de ajustes en el Programa de Transparencia y Ética Pública, tanto en su componente transversal como programático. Asimismo, se elaboraron, aprobaron y publicaron los siguientes documentos clave: Código de Integridad y Buen Gobierno, versión 3 Procedimiento y Protocolo de Atención a Denuncias por Presuntos Actos de Corrupción Guía para la Atención de Posibles Situaciones de Conflicto de Interés Procedimiento para la Atención de Posibles Situaciones de Conflicto de Interés Finalmente, se está a la espera de la publicación del formato oficial para el reporte de Posibles Situaciones de Conflicto de Interés, por parte de la Oficina de Planeación y Prospectiva.
A68: T60 | B68: Procesos | C68: 10. Diseñar, desarrollar e implementar la estrategia de transición digital que propenda por la transparencia y adecuada administración de los activos. | D68: Fortalecer y/o integrar los sistemas de información e información digital empleada por SAE para contribuir al adecuado funcionamiento de la Sociedad | E68: Implementar el Plan Estratégico Tecnológico Institucional - PETI | F68: Tecnologías de la Información | G68: Oficina de Tecnologías y Sistemas de Información | H68: Implementación del Plan Estratégico Tecnológico Institucional- PETI | I68: Gestión | J68: Eficacia | K68: Programación anual | L68: (Promedio ponderado de la ejecución de actividades realizadas por la OTI para la implementación y/o actualización del PETI / 100% de las actividades programadas por la OTI para la implementación y/o actualización PETI)*100% | M68: Objetivo del indicador: medir la Implementación y/o actualización del Plan Estratégico Tecnológico Institucional- PETI. Este incluye proyectos a nivel de infraestructura, Integración, aplicaciones y regulación normativa que se encuentren articulados al Plan Estratégico de la SAE. Numerador: corresponde al promedio ponderado de la ejecución de las actividades programadas para la implementación del Plan Estratégico de Tecnologías de la Información. Denominador: corresponde al 100% programado de las actividades establecidas por la OTI para la implementación del Plan Estratégico de Tecnologías la Información de SAE para la vigencia. | N68: 1 | O68: 82.92 | P68: 100 | Q68: 0.8292 | R68: 0.5 | S68: 1 | T68: Los datos reportados en el segundo trimestre para el indicador referente al PETI se han realizado actividades correspondientes a interoperabilidad, actualización de documentos en cuanto al mantenimiento de tecnología, gobierno de datos, ciberseguridad, controles en las plataformas, seguimiento a tickets, evaluación a proveedores y la definición de la semana de seguridad. | U68: Se continua con los respectivos monitoreos, seguimientos y ejecución de actividades por parte de la OTI y así dar cumplimiento a la meta establecida del indicador
A69: T61 | B69: Procesos | C69: 10. Diseñar, desarrollar e implementar la estrategia de transición digital que propenda por la transparencia y adecuada administración de los activos. | D69: Fortalecer y/o integrar los sistemas de información e información digital empleada por SAE para contribuir al adecuado funcionamiento de la Sociedad | E69: Implementar el Sistema de Gestión de Seguridad de la Información en la entidad | F69: Tecnologías de la Información | G69: Oficina de Tecnologías y Sistemas de Información | H69: Implementación del Sistema de Gestión de Seguridad de la información | I69: Gestión | J69: Eficacia | K69: Programación anual | L69: (Promedio ponderado de la ejecución de actividades realizadas por la OTI para la implementación del Sistema de Gestión de Seguridad de la información / 100% de las actividades programadas por la OTI para la implementación del Sistema de Gestión de Seguridad de la información) * 100% | M69: Objetivo del indicador: medir la implementación del Sistema de Gestión de Seguridad de la información, considerando las buenas prácticas del MINTIC, ISO 27001, Modelo de Seguridad y Privacidad de la Información y Conpes de seguridad digital. Numerador: corresponde al promedio ponderado de la ejecución de las actividades programadas para la implementación del Sistema de Gestión de Seguridad de la Información con sus respectivas evidencias. Denominador: corresponde al 100% programado de las actividades establecidas en la vigencia para la implementación del Sistema de Gestión de Seguridad de la Información. | N69: 1 | O69: 75.4 | P69: 100 | Q69: 0.754 | R69: 0.5 | S69: 1 | T69: A corte de junio 2025 se han completado las actividades pendientes por documentación por rediseño para lo correspondiente a seguridad y privacidad de la información, así como el avance para la actualización a la norma ISO 27001:2022 y el nuevo modelo de Seguridad y Privacidad de la información MSPI. | U69: Desde la OTI se continua con la gestión de incidentes de seguridad que se reporte, el monitoreo y remediación constante de vulnerabilidades encontradas mediante nuestra plataforma, y con el enfoque en las acciones preventivas ante las amenazas de seguridad de la información
A70: T62 | B70: Procesos | C70: 11. Estandarizar, actualizar y mejorar la información del inventario de activos administrados por la SAE con criterios de calidad y oportunidad. | D70: Estandarizar, actualizar y mejorar la información del inventario de activos administrados por SAE y otras bases de datos con criterios de calidad y oportunidad | E70: Realizar la conciliación de cifras entre FGN - SAE | F70: Recepción y Registro | G70: Dirección de Control del Inventario | H70: Conciliación de cifras | I70: Gestión | J70: Eficacia | K70: Demanda | L70: (Número de activos recibidos SAE / Número de activos entregados FGN) * 100% | M70: Objetivo del indicador: medir la gestión realizada por la SAE en cuanto a la recepción de activos Numerador: Se refiere a todos los activos recibidos por SAE Denominador: Se refiere a todos los activos entregados por FGN a SAE | N70: 1 | O70: 1052 | P70: 1052 | Q70: 0.5 | R70: 0.5 | S70: 1 | T70: Es importante mencionar que a la fecha la FGN no ha remitido la información para poder realizar la conciliación de cifras por ende se informa que la esta Entidad tiene dentro de sus reportes 1052 bienes recibidos en campo para el Segundo Trimestre del año 2025 | U70: Para el indicador del segundo trimestre de 2025, se tomo la cantidad de semovientes 443 por unidad y no por ID en el sistema, razón por la cual incrementa la cantidad de activos recibidos.
A71: T63 | B71: Procesos | C71: 11. Estandarizar, actualizar y mejorar la información del inventario de activos administrados por la SAE con criterios de calidad y oportunidad. | D71: Estandarizar, actualizar y mejorar la información del inventario de activos administrados por SAE y otras bases de datos con criterios de calidad y oportunidad | E71: Depurar información financiera (activos y pasivos del FRISCO) de inmuebles. | F71: Gestión Financiera | G71: Dirección Financiera | H71: Estados de cuenta de activos con orden de devolución | I71: Gestión | J71: Eficacia | K71: Programación anual | L71: (Número de folios de matrícula inmobiliaria con estados de cuenta realizados / Número de folios de matrícula inmobiliaria priorizados para elaboración de estados de cuenta) * 100% | M71: Objetivo: Realizar la medición de la elaboración de estados de cuenta de acuerdo con los folios de matrícula que cuenten con Acto administrativo que ordena la devolución. Numerador: Corresponde a los folios de matrícula inmobiliaria con estados de cuenta realizados por parte de la Dirección Financiera. Denominador: Los folios de matrícula priorizados para la elaboración de estados de cuenta corresponden a aquellos que cuenten con Acto administrativo que ordena la devolución y/o destinación definitiva y con Acta de entrega física real y material a los propietarios, o según necesidad manifiesta. El estimado de estados de cuenta a realizar para el 2025 corresponden a 400 folios de matrícula. | N71: 400 | O71: 169 | P71: 400 | Q71: 0.4225 | R71: 0.5 | S71: 0.845 | T71: Durante el primer Trimestre de 2025 se elaboraron (94) estados de cuenta. Segundo trimestre (75) Durante este periodo se siguen depurando las bases de información que afecten gastos de los inmuebles, entregadas por las Diferentes Direcciones de la Entidad. Durante el 1 trimestre se elaboraron por solicitudes de diferentes áreas (1,200) certificados de productividad, Segundo Trimestre (88) Certificados de productividad. | U71: Se elaboraron 164 de la meta establecida de 400 Estados de cuenta para la vigencia 2025
A72: T64 | B72: Aprendizaje y Desarrollo | C72: 12. Fomentar un bienestar laboral armónico de acuerdo con los valores institucionales y las necesidades de los trabajadores de SAE. | D72: Crear mecanismos de mejora del ambiente laboral y aumento del bienestar laboral de colaboradores de SAE | E72: Ejecutar el Plan de Bienestar Social y Calidad de Vida de los trabajadores de SAE | F72: Gestión del Talento Humano | G72: Dirección de Talento Humano | H72: Cumplimiento del Plan de Bienestar Social y Calidad de Vida | I72: Gestión | J72: Eficacia | K72: Programación anual | L72: (Número de actividades ejecutadas en el Plan de Bienestar Social y Calidad de Vida / Número de actividades programadas en el Programa de Bienestar y Calidad de Vida) * 100% | M72: Objetivo del indicador: Medir el cumplimiento del Plan de Bienestar Social y Calidad de Vida Numerador: Corresponde a la ejecución de actividades del Plan de Bienestar Social y Calidad de Vida. Denominador: Corresponde a las actividades programadas en el Plan de Bienestar Social y Calidad de Vida. | N72: 1 | O72: 21 | P72: 21 | Q72: 0.5 | R72: 0.5 | S72: 1 | T72: Durante el segundo trimestre se desarrollaron las siguientes actividades de Bienestar: Abril: 8 Mayo: 8 Junio: 5 Para un total de :21
A73: T65 | B73: Aprendizaje y Desarrollo | C73: 13. Desarrollar y potenciar las habilidades, competencias y conocimiento del talento humano de SAE a través de procesos de gestión de conocimiento y gestión del cambio. | D73: Implementar mecanismos para el desarrollo personal y profesional de los trabajadores de SAE | E73: Ejecutar el Plan Integral de Capacitación y Formación | F73: Gestión del Talento Humano | G73: Dirección de Talento Humano | H73: Cumplimiento del Plan Integral de Capacitación y Formación | I73: Gestión | J73: Eficacia | K73: Programación anual | L73: (Número de actividades ejecutadas en el Plan de Integral de Capacitación y Formación / Número de actividades programadas en el Plan Integral de Capacitación y Formación) * 100% | M73: Objetivo del indicador: Medir el cumplimiento del Plan Integral de Capacitación y Formación Numerador: Corresponde a la ejecución de actividades o iniciativas priorizadas en la vigencia relacionadas con el Plan Integral de Capacitación y Formación y la Estrategia de Gestión del Conocimiento. Denominador: Corresponde a las actividades programadas en la vigencia relacionadas con el Plan Integral de Capacitación y Formación y la Implementación de la Estrategia de Gestión del Conocimiento. | N73: 1 | O73: 138 | P73: 46 | Q73: 0.5 | R73: 0.5 | S73: 3 | T73: Durante el segundo trimestre se desarrollaron las siguientes actividades formativas: Inducción - Reinducción SAE :14 Manejo Herramientas Ofimáticas e Información Digital:6 Gestión del Riesgo :3 Formación Servicio Público :3 Prevención y Atención de las Violencias basadas en Género :10 Habilidades Comportamentales :10 Habilidades Técnicas:9 Sistema de Gestión de Seguridad y Salud en el Trabajo :18 Sistema de Gestión Ambiental :3 Formación Interinstitucional :1 Para un total de: :77 Primer semestre 61 actividades de 19 programadas Segundo Semestre 77 actividades de 27 programadas Total de actividades programadas en el semestre 138 de 46 programadas. | U73: Se cumplió con el 100% de las actividades programas, adicionalmente se realizaron más actividades debido a las constantes necesidades de formación que tiene la Entidad. En el siguiente reporte se ajustara las actividades programadas con las actividades adicionales.

Sheet Hoja2
A1: Productiva, social y ambiental | B1: =LEFT(C1,3) -> 01. | C1: 01. Democratizar los activos administrados por la SAE a través de mecanismos de disposición temporal y definitiva que permitan la creación de valor público, social y ambiental; aporten al desarrollo territorial y productivo y garanticen la función social y ecológica de la propiedad. | D1: 1.10212e-05
A2: Productiva, social y ambiental | B2: =LEFT(C2,3) -> 01. | C2: 01. Democratizar los activos administrados por la SAE a través de mecanismos de disposición temporal y definitiva que permitan la creación de valor público, social y ambiental; aporten al desarrollo territorial y productivo y garanticen la función social y ecológica de la propiedad. | D2: 0.24
A3: Productiva, social y ambiental | B3: =LEFT(C3,3) -> 01. | C3: 01. Democratizar los activos administrados por la SAE a través de mecanismos de disposición temporal y definitiva que permitan la creación de valor público, social y ambiental; aporten al desarrollo territorial y productivo y garanticen la función social y ecológica de la propiedad. | D3: 0.25714286
A4: Productiva, social y ambiental | B4: =LEFT(C4,3) -> 01. | C4: 01. Democratizar los activos administrados por la SAE a través de mecanismos de disposición temporal y definitiva que permitan la creación de valor público, social y ambiental; aporten al desarrollo territorial y productivo y garanticen la función social y ecológica de la propiedad. | D4: 0.38571429
A5: Productiva, social y ambiental | B5: =LEFT(C5,3) -> 01. | C5: 01. Democratizar los activos administrados por la SAE a través de mecanismos de disposición temporal y definitiva que permitan la creación de valor público, social y ambiental; aporten al desarrollo territorial y productivo y garanticen la función social y ecológica de la propiedad. | D5: 0.23333333
A6: Productiva, social y ambiental | B6: =LEFT(C6,3) -> 01. | C6: 01. Democratizar los activos administrados por la SAE a través de mecanismos de disposición temporal y definitiva que permitan la creación de valor público, social y ambiental; aporten al desarrollo territorial y productivo y garanticen la función social y ecológica de la propiedad. | D6: 0.5625
A7: Productiva, social y ambiental | B7: =LEFT(C7,3) -> 01. | C7: 01. Democratizar los activos administrados por la SAE a través de mecanismos de disposición temporal y definitiva que permitan la creación de valor público, social y ambiental; aporten al desarrollo territorial y productivo y garanticen la función social y ecológica de la propiedad. | D7: 0.4
A8: Productiva, social y ambiental | B8: =LEFT(C8,3) -> 02. | C8: 02. Fomentar las economías populares y comunitarias a partir de proyectos estratégicos que generen valor público, social y ambiental. | D8: 1.8
A9: Productiva, social y ambiental | B9: =LEFT(C9,3) -> 02. | C9: 02. Fomentar las economías populares y comunitarias a partir de proyectos estratégicos que generen valor público, social y ambiental. | D9: 0.25
A10: Productiva, social y ambiental | B10: =LEFT(C10,3) -> 02. | C10: 02. Fomentar las economías populares y comunitarias a partir de proyectos estratégicos que generen valor público, social y ambiental. | D10: 0.45505618
A11: Financiera | B11: =LEFT(C11,3) -> 03. | C11: 03. Garantizar la efectiva transferencia de recursos a la Nación, en concordancia con lo establecido en la ley y contribuyendo a los propósitos del Plan Nacional de Desarrollo. | D11: 0.75905633
A12: Financiera | B12: =LEFT(C12,3) -> 04. | C12: 04. Generar rentabilidad económica a partir de la diversificación de ingresos, para la inversión social y la lucha contra el crimen organizado. | D12: 0.2719112
... A66: Aprendizaje y Desarrollo | B66: =LEFT(C66,3) -> 13. | C66: 13. Desarrollar y potenciar las habilidades, competencias y conocimiento del talento humano de SAE a través de procesos de gestión de conocimiento y gestión del cambio. | D66: 0.5

Sheet Hoja1
B2: {=_xlfn.UNIQUE(PAI!B:B)} -> 0
B3: Dimensión
B4: Productiva, social y ambiental | C4: =AVERAGEIF(PAI!B:B,B4,PAI!Q:Q) -> 0.47337577
B5: Financiera | C5: =AVERAGEIF(PAI!B:B,B5,PAI!Q:Q) -> 0.36973744
B6: Grupos de Interés | C6: =AVERAGEIF(PAI!B:B,B6,PAI!Q:Q) -> 0.59166667
B7: Procesos | C7: =AVERAGEIF(PAI!B:B,B7,PAI!Q:Q) -> 0.55345805
B8: Aprendizaje y Desarrollo | C8: =AVERAGEIF(PAI!B:B,B8,PAI!Q:Q) -> 0.5
B14: {=_xlfn.UNIQUE(PAI!C:C)} -> 0
B15: Objetivos estratégicos
A16: =LEFT(B16,3) -> 01. | B16: 01. Democratizar los activos administrados por la SAE a través de mecanismos de disposición temporal y definitiva que permitan la creación de valor público, social y ambiental; aporten al desarrollo territorial y productivo y garanticen la función social y ecológica de la propiedad. | C16: =AVERAGEIF(Hoja2!B:B,Hoja1!A16,Hoja2!D:D) -> 0.29695736 | E16: 01. Democratizar los activos administrados por la SAE a través de mecanismos de disposición temporal y definitiva que permitan la creación de valor público, social y ambiental; aporten al desarrollo territorial y productivo y garanticen la función social y ecológica de la propiedad.
A17: =LEFT(B17,3) -> 02. | B17: 02. Fomentar las economías populares y comunitarias a partir de proyectos estratégicos que generen valor público, social y ambiental. | C17: =AVERAGEIF(Hoja2!B:B,Hoja1!A17,Hoja2!D:D) -> 0.83501873 | E17: 02. Fomentar las economías populares y comunitarias a partir de proyectos estratégicos que generen valor público, social y ambiental.
A18: =LEFT(B18,3) -> 03. | B18: 03. Garantizar la efectiva transferencia de recursos a la Nación, en concordancia con lo establecido en la ley y contribuyendo a los propósitos del Plan Nacional de Desarrollo. | C18: =AVERAGEIF(Hoja2!B:B,Hoja1!A18,Hoja2!D:D) -> 0.75905633 | E18: 03. Garantizar la efectiva transferencia de recursos a la Nación, en concordancia con lo establecido en la ley y contribuyendo a los propósitos del Plan Nacional de Desarrollo.
A19: =LEFT(B19,3) -> 04. | B19: 04. Generar rentabilidad económica a partir de la diversificación de ingresos, para la inversión social y la lucha contra el crimen organizado. | C19: =AVERAGEIF(Hoja2!B:B,Hoja1!A19,Hoja2!D:D) -> 0.35610189 | E19: 04. Generar rentabilidad económica a partir de la diversificación de ingresos, para la inversión social y la lucha contra el crimen organizado.
A20: =LEFT(B20,3) -> 05. | B20: 05. Garantizar la recuperación de cartera por procesos de cobro persuasivo y judicialización. | C20: =AVERAGEIF(Hoja2!B:B,Hoja1!A20,Hoja2!D:D) -> 0.35384324 | E20: 05. Garantizar la recuperación de cartera por procesos de cobro persuasivo y judicialización.
A21: =LEFT(B21,3) -> 06. | B21: 06. Garantizar el acceso a la información pública, la participación ciudadana y el diálogo social entre la SAE y poblaciones constitucionalmente protegidas y demás grupos de interés, con principios de inclusión, transparencia, calidad y consistencia. | C21: =AVERAGEIF(Hoja2!B:B,Hoja1!A21,Hoja2!D:D) -> 0.5 | E21: 06. Garantizar el acceso a la información pública, la participación ciudadana y el diálogo social entre la SAE y poblaciones constitucionalmente protegidas y demás grupos de interés, con principios de inclusión, transparencia, calidad y consistencia.
A22: =LEFT(B22,3) -> 07. | B22: 07. Promover la creación de alianzas público populares, comunitarias, cooperativas, corporativas y de cooperación internacional, que permitan el uso y el goce de bienes y servicios de la SAE por parte de sus grupos de interés, así como su fortalecimiento institucional. | C22: =AVERAGEIF(Hoja2!B:B,Hoja1!A22,Hoja2!D:D) -> 1 | E22: 07. Promover la creación de alianzas público populares, comunitarias, cooperativas, corporativas y de cooperación internacional, que permitan el uso y el goce de bienes y servicios de la SAE por parte de sus grupos de interés, así como su fortalecimiento institucional.
A23: =LEFT(B23,3) -> 08. | B23: 08. Posicionar a la SAE como una entidad líder en la administración transparente de activos a nivel local, nacional e internacional con enfoque social, ambiental y productivo | C23: =AVERAGEIF(Hoja2!B:B,Hoja1!A23,Hoja2!D:D) -> 0.63888889 | E23: 08. Posicionar a la SAE como una entidad líder en la administración transparente de activos a nivel local, nacional e internacional con enfoque social, ambiental y productivo
A24: =LEFT(B24,3) -> 09. | B24: 09. Garantizar la mejora continua del modelo de operación de la SAE basado en acciones de optimización, automatización, control y articulación de procesos contribuyendo a la reducción de tiempos, la transparencia en la operación y el cumplimiento de objetivos institucionales. | C24: =AVERAGEIF(Hoja2!B:B,Hoja1!A24,Hoja2!D:D) -> 0.53521631 | E24: 09. Garantizar la mejora continua del modelo de operación de la SAE basado en acciones de optimización, automatización, control y articulación de procesos contribuyendo a la reducción de tiempos, la transparencia en la operación y el cumplimiento de objetivos institucionales.
A25: =LEFT(B25,3) -> 10. | B25: 10. Diseñar, desarrollar e implementar la estrategia de transición digital que propenda por la transparencia y adecuada administración de los activos. | C25: =AVERAGEIF(Hoja2!B:B,Hoja1!A25,Hoja2!D:D) -> 0.7916 | E25: 10. Diseñar, desarrollar e implementar la estrategia de transición digital que propenda por la transparencia y adecuada administración de los activos.
A26: =LEFT(B26,3) -> 11. | B26: 11. Estandarizar, actualizar y mejorar la información del inventario de activos administrados por la SAE con criterios de calidad y oportunidad. | C26: =AVERAGEIF(Hoja2!B:B,Hoja1!A26,Hoja2!D:D) -> 0.46125 | E26: 11. Estandarizar, actualizar y mejorar la información del inventario de activos administrados por la SAE con criterios de calidad y oportunidad.
A27: =LEFT(B27,3) -> 12. | B27: 12. Fomentar un bienestar laboral armónico de acuerdo con los valores institucionales y las necesidades de los trabajadores de SAE. | C27: =AVERAGEIF(Hoja2!B:B,Hoja1!A27,Hoja2!D:D) -> 0.5 | E27: 12. Fomentar un bienestar laboral armónico de acuerdo con los valores institucionales y las necesidades de los trabajadores de SAE.
A28: =LEFT(B28,3) -> 13. | B28: 13. Desarrollar y potenciar las habilidades, competencias y conocimiento del talento humano de SAE a través de procesos de gestión de conocimiento y gestión del cambio. | C28: =AVERAGEIF(Hoja2!B:B,Hoja1!A28,Hoja2!D:D) -> 0.5 | E28: 13. Desarrollar y potenciar las habilidades, competencias y conocimiento del talento humano de SAE a través de procesos de gestión de conocimiento y gestión del cambio.

Sheet Avance
A1: Área | B1: # Indicadores | D1: Diligenció PAI | F1: Diligenció Gest. | H1: Avance
B2: PAI | C2: Gest | D2: Cuanti | E2: Cuali | F2: Cuanti | G2: Cuali | H2: PAI | I2: Gest | J2: Correo jefe | K2: Observaciones | L2: Comentarios
A3: Dirección Administrativa | B3: =COUNTIF(PAI!G:G,A3) -> 1 | C3: =COUNTIF(Gestión!A:A,A3) -> 8 | D3: =COUNTIFS(PAI!G:G,A3,PAI!#REF!,FALSE) -> #REF! | E3: =COUNTIFS(PAI!G:G,A3,PAI!#REF!,FALSE) -> #REF! | F3: =COUNTIFS(Gestión!A:A,A3,Gestión!B:B,FALSE) -> 8 | G3: =COUNTIFS(Gestión!A:A,A3,Gestión!C:C,FALSE) -> 8 | H3: =IFERROR(AVERAGE(D3:E3)/B3,1) -> 1 | I3: =IFERROR(AVERAGE(F3:G3)/C3,1) -> 1 | J3: Sí | K3: En el indicador T44, por favor incluir una descripción cualitativa del estado de avance en el campo de Análisis del indicador
A4: Dirección Comercial | B4: =COUNTIF(PAI!G:G,A4) -> 2 | C4: =COUNTIF(Gestión!A:A,A4) -> 2 | D4: =COUNTIFS(PAI!G:G,A4,PAI!#REF!,FALSE) -> #REF! | E4: =COUNTIFS(PAI!G:G,A4,PAI!#REF!,FALSE) -> #REF! | F4: =COUNTIFS(Gestión!A:A,A4,Gestión!B:B,FALSE) -> 2 | G4: =COUNTIFS(Gestión!A:A,A4,Gestión!C:C,FALSE) -> 2 | H4: =IFERROR(AVERAGE(D4:E4)/B4,1) -> 1 | I4: =IFERROR(AVERAGE(F4:G4)/C4,1) -> 1 | J4: Sí | K4: De acuerdo a lo presentado en el campo de observaciones, el denominador del indicador T16 debería ser 8. Por favor revisar
A5: Dirección de Analítica, Alistamiento y Valoración | B5: =COUNTIF(PAI!G:G,A5) -> 0 | C5: =COUNTIF(Gestión!A:A,A5) -> 4 | D5: =COUNTIFS(PAI!G:G,A5,PAI!#REF!,FALSE) -> #REF! | E5: =COUNTIFS(PAI!G:G,A5,PAI!#REF!,FALSE) -> #REF! | F5: =COUNTIFS(Gestión!A:A,A5,Gestión!B:B,FALSE) -> 4 | G5: =COUNTIFS(Gestión!A:A,A5,Gestión!C:C,FALSE) -> 4 | H5: =IFERROR(AVERAGE(D5:E5)/B5,1) -> 1 | I5: =IFERROR(AVERAGE(F5:G5)/C5,1) -> 1 | J5: Sí | K5: En el indicador O11, se habla del avance en el primer trimestre. Se invita a la Dirección a proponer una nueva meta anual, considerando el avance. | M5: Mesa
A6: Dirección de Asuntos Legales Misionales | B6: =COUNTIF(PAI!G:G,A6) -> 2 | C6: =COUNTIF(Gestión!A:A,A6) -> 2 | D6: =COUNTIFS(PAI!G:G,A6,PAI!#REF!,FALSE) -> #REF! | E6: =COUNTIFS(PAI!G:G,A6,PAI!#REF!,FALSE) -> #REF! | F6: =COUNTIFS(Gestión!A:A,A6,Gestión!B:B,FALSE) -> 2 | G6: =COUNTIFS(Gestión!A:A,A6,Gestión!C:C,FALSE) -> 2 | H6: =IFERROR(AVERAGE(D6:E6)/B6,1) -> 1 | I6: =IFERROR(AVERAGE(F6:G6)/C6,1) -> 1 | K6: Falta correo por parte de la Directora. No se cargaron evidencias de los indicadores O15, O16 ni T30
A7: Dirección de Contratación | B7: =COUNTIF(PAI!G:G,A7) -> 0 | C7: =COUNTIF(Gestión!A:A,A7) -> 4 | D7: =COUNTIFS(PAI!G:G,A7,PAI!#REF!,FALSE) -> #REF! | E7: =COUNTIFS(PAI!G:G,A7,PAI!#REF!,FALSE) -> #REF! | F7: =COUNTIFS(Gestión!A:A,A7,Gestión!B:B,FALSE) -> 4 | G7: =COUNTIFS(Gestión!A:A,A7,Gestión!C:C,FALSE) -> 4 | H7: =IFERROR(AVERAGE(D7:E7)/B7,1) -> 1 | I7: =IFERROR(AVERAGE(F7:G7)/C7,1) -> 1 | J7: Sí | K7: Solicitamos, para cada uno de los indicadores, un análisis breve que presente los motivos del estado de avance del indicador. De la misma forma, incluir en el campo de observaciones las acciones que adelantará la Dirección para asegurar una mejora en los resultados.
A8: Dirección de Control del Inventario | B8: =COUNTIF(PAI!G:G,A8) -> 1 | C8: =COUNTIF(Gestión!A:A,A8) -> 4 | D8: =COUNTIFS(PAI!G:G,A8,PAI!#REF!,FALSE) -> #REF! | E8: =COUNTIFS(PAI!G:G,A8,PAI!#REF!,FALSE) -> #REF! | F8: =COUNTIFS(Gestión!A:A,A8,Gestión!B:B,FALSE) -> 4 | G8: =COUNTIFS(Gestión!A:A,A8,Gestión!C:C,FALSE) -> 4 | H8: =IFERROR(AVERAGE(D8:E8)/B8,1) -> 1 | I8: =IFERROR(AVERAGE(F8:G8)/C8,1) -> 1 | J8: Sí
A9: Dirección de Gobierno, Control y Democratización de Sociedades | B9: =COUNTIF(PAI!G:G,A9) -> 5 | C9: =COUNTIF(Gestión!A:A,A9) -> 0 | D9: =COUNTIFS(PAI!G:G,A9,PAI!#REF!,FALSE) -> #REF! | E9: =COUNTIFS(PAI!G:G,A9,PAI!#REF!,FALSE) -> #REF! | F9: =COUNTIFS(Gestión!A:A,A9,Gestión!B:B,FALSE) -> 0 | G9: =COUNTIFS(Gestión!A:A,A9,Gestión!C:C,FALSE) -> 0 | H9: =IFERROR(AVERAGE(D9:E9)/B9,1) -> 1 | I9: =IFERROR(AVERAGE(F9:G9)/C9,1) -> 1 | K9: En los indicadores T1 y T47, por favor incluir una descripción cualitativa del estado de avance en el campo de Análisis del indicador. En el indicador T18, presentar las acciones que realizará la Dirección para garantizar el cumplimiento de la meta. Faltan los indicadores del indicador T18 | L9: Enviaron correo copiando al director, ¿se vale?
A10: Dirección de Planeación y Prospectiva | B10: =COUNTIF(PAI!G:G,A10) -> 1 | C10: =COUNTIF(Gestión!A:A,A10) -> 1 | D10: =COUNTIFS(PAI!G:G,A10,PAI!#REF!,FALSE) -> #REF! | E10: =COUNTIFS(PAI!G:G,A10,PAI!#REF!,FALSE) -> #REF! | F10: =COUNTIFS(Gestión!A:A,A10,Gestión!B:B,FALSE) -> 0 | G10: =COUNTIFS(Gestión!A:A,A10,Gestión!C:C,FALSE) -> 0 | H10: =IFERROR(AVERAGE(D10:E10)/B10,1) -> 1 | I10: =IFERROR(AVERAGE(F10:G10)/C10,1) -> 0 | J10: Sí
A11: Dirección de Proyectos | B11: =COUNTIF(PAI!G:G,A11) -> 4 | C11: =COUNTIF(Gestión!A:A,A11) -> 0 | D11: =COUNTIFS(PAI!G:G,A11,PAI!#REF!,FALSE) -> #REF! | E11: =COUNTIFS(PAI!G:G,A11,PAI!#REF!,FALSE) -> #REF! | F11: =COUNTIFS(Gestión!A:A,A11,Gestión!B:B,FALSE) -> 0 | G11: =COUNTIFS(Gestión!A:A,A11,Gestión!C:C,FALSE) -> 0 | H11: =IFERROR(AVERAGE(D11:E11)/B11,1) -> 1 | I11: =IFERROR(AVERAGE(F11:G11)/C11,1) -> 1 | J11: Sí | L11: Que envíen las solicitudes de modificación del indicador T8 de acuerdo al formato
A12: Dirección de Seguimiento y Control de Liquidaciones | B12: =COUNTIF(PAI!G:G,A12) -> 4 | C12: =COUNTIF(Gestión!A:A,A12) -> 1 | D12: =COUNTIFS(PAI!G:G,A12,PAI!#REF!,FALSE) -> #REF! | E12: =COUNTIFS(PAI!G:G,A12,PAI!#REF!,FALSE) -> #REF! | F12: =COUNTIFS(Gestión!A:A,A12,Gestión!B:B,FALSE) -> 1 | G12: =COUNTIFS(Gestión!A:A,A12,Gestión!C:C,FALSE) -> 1 | H12: =IFERROR(AVERAGE(D12:E12)/B12,1) -> 1 | I12: =IFERROR(AVERAGE(F12:G12)/C12,1) -> 1 | K12: Falta correo por parte de la Directora. En el primer trimestre para el indicador T21 la Dirección reportó un avance de $34.675'821.991 por la entrega física del inmueble denominado "El Dólar". Por esta razón, el reporte del segundo trimestre no puede ser inferior a este reporte. Recordar que este reporte es acumulado La información se encuentra duplicada entre la columna de análisis y de observaciones. Verificar que en la columna de Análisis se realice una descripción de por qué el indicador no avanzó, y en la columna de observaciones se indiquen las acciones que realizará la Dirección para cumplirlas. No han cargado ninguna evidencia | M12: Mesa
A13: Dirección de Talento Humano | B13: =COUNTIF(PAI!G:G,A13) -> 4 | C13: =COUNTIF(Gestión!A:A,A13) -> 0 | D13: =COUNTIFS(PAI!G:G,A13,PAI!#REF!,FALSE) -> #REF! | E13: =COUNTIFS(PAI!G:G,A13,PAI!#REF!,FALSE) -> #REF! | F13: =COUNTIFS(Gestión!A:A,A13,Gestión!B:B,FALSE) -> 0 | G13: =COUNTIFS(Gestión!A:A,A13,Gestión!C:C,FALSE) -> 0 | H13: =IFERROR(AVERAGE(D13:E13)/B13,1) -> 1 | I13: =IFERROR(AVERAGE(F13:G13)/C13,1) -> 1 | K13: Enviaron correos, pero no por los encargados del área. Copiar al director. En el indicador T51, por favor incluir una descripción cualitativa del estado de avance en el campo de Análisis del indicador En el indicador T52, el numerador implica que las actividades ejecutadas son la recepción de quejas. ¿Qué significaría entonces el denominador?. No se adjunta ninguna evidencia. Si se trata de quejas, no es necesario incluirlas, pero se espera un plan. En el indicador T64, ¿cuántas actividades se tienen programadas en el Plan de Bienestar para todo el año? El denominador no corresponde. | L13: ¿Podemos acordar con ellos que el Plan de Capacitación esté mejor hecho? Está muy sobrejecutado | M13: Mesa
A14: Dirección Financiera | B14: =COUNTIF(PAI!G:G,A14) -> 8 | C14: =COUNTIF(Gestión!A:A,A14) -> 0 | D14: =COUNTIFS(PAI!G:G,A14,PAI!#REF!,FALSE) -> #REF! | E14: =COUNTIFS(PAI!G:G,A14,PAI!#REF!,FALSE) -> #REF! | F14: =COUNTIFS(Gestión!A:A,A14,Gestión!B:B,FALSE) -> 0 | G14: =COUNTIFS(Gestión!A:A,A14,Gestión!C:C,FALSE) -> 0 | H14: =IFERROR(AVERAGE(D14:E14)/B14,1) -> 1 | I14: =IFERROR(AVERAGE(F14:G14)/C14,1) -> 1 | J14: Sí
A15: Dirección para la Democratización de Activos Inmuebles Rurales | B15: =COUNTIF(PAI!G:G,A15) -> 1 | C15: =COUNTIF(Gestión!A:A,A15) -> 3 | D15: =COUNTIFS(PAI!G:G,A15,PAI!#REF!,FALSE) -> #REF! | E15: =COUNTIFS(PAI!G:G,A15,PAI!#REF!,FALSE) -> #REF! | F15: =COUNTIFS(Gestión!A:A,A15,Gestión!B:B,FALSE) -> 3 | G15: =COUNTIFS(Gestión!A:A,A15,Gestión!C:C,FALSE) -> 3 | H15: =IFERROR(AVERAGE(D15:E15)/B15,1) -> 1 | I15: =IFERROR(AVERAGE(F15:G15)/C15,1) -> 1 | J15: Sí | K15: En el indicador T2, el denominador corresponde a la meta de 100 para el año. En este sentido, el indicador presentaría un bajo desempeño. Solicitamos modificar el denominador, y plantear las acciones que se realizarán desde el área para garantizar el cumplimiento de la meta.
A16: Dirección para la Democratización de Activos Inmuebles Urbanos | B16: =COUNTIF(PAI!G:G,A16) -> 2 | C16: =COUNTIF(Gestión!A:A,A16) -> 3 | D16: =COUNTIFS(PAI!G:G,A16,PAI!#REF!,FALSE) -> #REF! | E16: =COUNTIFS(PAI!G:G,A16,PAI!#REF!,FALSE) -> #REF! | F16: =COUNTIFS(Gestión!A:A,A16,Gestión!B:B,FALSE) -> 3 | G16: =COUNTIFS(Gestión!A:A,A16,Gestión!C:C,FALSE) -> 3 | H16: =IFERROR(AVERAGE(D16:E16)/B16,1) -> 1 | I16: =IFERROR(AVERAGE(F16:G16)/C16,1) -> 1 | J16: Sí | K16: Cargar evidencias del indicador O30
A17: Dirección para la Democratización de Activos Muebles | B17: =COUNTIF(PAI!G:G,A17) -> 7 | C17: =COUNTIF(Gestión!A:A,A17) -> 0 | D17: =COUNTIFS(PAI!G:G,A17,PAI!#REF!,FALSE) -> #REF! | E17: =COUNTIFS(PAI!G:G,A17,PAI!#REF!,FALSE) -> #REF! | F17: =COUNTIFS(Gestión!A:A,A17,Gestión!B:B,FALSE) -> 0 | G17: =COUNTIFS(Gestión!A:A,A17,Gestión!C:C,FALSE) -> 0 | H17: =IFERROR(AVERAGE(D17:E17)/B17,1) -> 1 | I17: =IFERROR(AVERAGE(F17:G17)/C17,1) -> 1 | K17: Es necesario enviar correo por parte de la Dirección. Adicionalmente, es necesario señalar en la columna "Observaciones" las acciones que realizará el área para garantizar el cumplimiento del indicador en lo restante del año. No se cargaron evidencias de los indicadores T25, T26, T27, T28. Si estas están incluidas como parte de la T24, favor individualizarla en cada carpeta
A18: Dirección Territorial Caribe | B18: =COUNTIF(PAI!G:G,A18) -> 2 | C18: =COUNTIF(Gestión!A:A,A18) -> 3 | D18: =COUNTIFS(PAI!G:G,A18,PAI!#REF!,FALSE) -> #REF! | E18: =COUNTIFS(PAI!G:G,A18,PAI!#REF!,FALSE) -> #REF! | F18: =COUNTIFS(Gestión!A:A,A18,Gestión!B:B,FALSE) -> 3 | G18: =COUNTIFS(Gestión!A:A,A18,Gestión!C:C,FALSE) -> 3 | H18: =IFERROR(AVERAGE(D18:E18)/B18,1) -> 1 | I18: =IFERROR(AVERAGE(F18:G18)/C18,1) -> 1 | K18: Los indicadores O32 y O34 se encuentran sin diligenciar. Una vez diligenciados, enviar correo desde la Dirección confirmando. No han cargado ninguna evidencia
A19: Dirección Territorial Centro Oriente | B19: =COUNTIF(PAI!G:G,A19) -> 2 | C19: =COUNTIF(Gestión!A:A,A19) -> 3 | D19: =COUNTIFS(PAI!G:G,A19,PAI!#REF!,FALSE) -> #REF! | E19: =COUNTIFS(PAI!G:G,A19,PAI!#REF!,FALSE) -> #REF! | F19: =COUNTIFS(Gestión!A:A,A19,Gestión!B:B,FALSE) -> 3 | G19: =COUNTIFS(Gestión!A:A,A19,Gestión!C:C,FALSE) -> 3 | H19: =IFERROR(AVERAGE(D19:E19)/B19,1) -> 1 | I19: =IFERROR(AVERAGE(F19:G19)/C19,1) -> 1 | K19: No han hecho nada
A20: Dirección Territorial Occidente | B20: =COUNTIF(PAI!G:G,A20) -> 2 | C20: =COUNTIF(Gestión!A:A,A20) -> 3 | D20: =COUNTIFS(PAI!G:G,A20,PAI!#REF!,FALSE) -> #REF! | E20: =COUNTIFS(PAI!G:G,A20,PAI!#REF!,FALSE) -> #REF! | F20: =COUNTIFS(Gestión!A:A,A20,Gestión!B:B,FALSE) -> 3 | G20: =COUNTIFS(Gestión!A:A,A20,Gestión!C:C,FALSE) -> 3 | H20: =IFERROR(AVERAGE(D20:E20)/B20,1) -> 1 | I20: =IFERROR(AVERAGE(F20:G20)/C20,1) -> 1 | K20: No han diligenciado los indicadores T14C ni T36.
A21: Dirección Territorial Sur | B21: =COUNTIF(PAI!G:G,A21) -> 2 | C21: =COUNTIF(Gestión!A:A,A21) -> 3 | D21: =COUNTIFS(PAI!G:G,A21,PAI!#REF!,FALSE) -> #REF! | E21: =COUNTIFS(PAI!G:G,A21,PAI!#REF!,FALSE) -> #REF! | F21: =COUNTIFS(Gestión!A:A,A21,Gestión!B:B,FALSE) -> 3 | G21: =COUNTIFS(Gestión!A:A,A21,Gestión!C:C,FALSE) -> 3 | H21: =IFERROR(AVERAGE(D21:E21)/B21,1) -> 1 | I21: =IFERROR(AVERAGE(F21:G21)/C21,1) -> 1 | J21: Sí | K21: En el indicador T37, por favor señalar las acciones que realizará la Dirección para garantizar el cumplimiento el indicador
A22: Gerencia de Auditoría a Sociedades | B22: =COUNTIF(PAI!G:G,A22) -> 2 | C22: =COUNTIF(Gestión!A:A,A22) -> 0 | D22: =COUNTIFS(PAI!G:G,A22,PAI!#REF!,FALSE) -> #REF! | E22: =COUNTIFS(PAI!G:G,A22,PAI!#REF!,FALSE) -> #REF! | F22: =COUNTIFS(Gestión!A:A,A22,Gestión!B:B,FALSE) -> 0 | G22: =COUNTIFS(Gestión!A:A,A22,Gestión!C:C,FALSE) -> 0 | H22: =IFERROR(AVERAGE(D22:E22)/B22,1) -> 1 | I22: =IFERROR(AVERAGE(F22:G22)/C22,1) -> 1
A23: Gerencia de Depositarios, Mandatarios y Liquidadores | B23: =COUNTIF(PAI!G:G,A23) -> 1 | C23: =COUNTIF(Gestión!A:A,A23) -> 4 | D23: =COUNTIFS(PAI!G:G,A23,PAI!#REF!,FALSE) -> #REF! | E23: =COUNTIFS(PAI!G:G,A23,PAI!#REF!,FALSE) -> #REF! | F23: =COUNTIFS(Gestión!A:A,A23,Gestión!B:B,FALSE) -> 4 | G23: =COUNTIFS(Gestión!A:A,A23,Gestión!C:C,FALSE) -> 4 | H23: =IFERROR(AVERAGE(D23:E23)/B23,1) -> 1 | I23: =IFERROR(AVERAGE(F23:G23)/C23,1) -> 1
A24: Oficina de Integridad, Anticorrupción y Cumplimiento | B24: =COUNTIF(PAI!G:G,A24) -> 3 | C24: =COUNTIF(Gestión!A:A,A24) -> 1 | D24: =COUNTIFS(PAI!G:G,A24,PAI!#REF!,FALSE) -> #REF! | E24: =COUNTIFS(PAI!G:G,A24,PAI!#REF!,FALSE) -> #REF! | F24: =COUNTIFS(Gestión!A:A,A24,Gestión!B:B,FALSE) -> 1 | G24: =COUNTIFS(Gestión!A:A,A24,Gestión!C:C,FALSE) -> 1 | H24: =IFERROR(AVERAGE(D24:E24)/B24,1) -> 1 | I24: =IFERROR(AVERAGE(F24:G24)/C24,1) -> 1 | J24: Sí
A25: Oficina de Prensa y Comunicaciones | B25: =COUNTIF(PAI!G:G,A25) -> 5 | C25: =COUNTIF(Gestión!A:A,A25) -> 0 | D25: =COUNTIFS(PAI!G:G,A25,PAI!#REF!,FALSE) -> #REF! | E25: =COUNTIFS(PAI!G:G,A25,PAI!#REF!,FALSE) -> #REF! | F25: =COUNTIFS(Gestión!A:A,A25,Gestión!B:B,FALSE) -> 0 | G25: =COUNTIFS(Gestión!A:A,A25,Gestión!C:C,FALSE) -> 0 | H25: =IFERROR(AVERAGE(D25:E25)/B25,1) -> 1 | I25: =IFERROR(AVERAGE(F25:G25)/C25,1) -> 1 | J25: Sí | L25: Deberían solicitar la modificación al PAI una vez se apruebe la nueva Estrategia de Comunicaciones | M25: Mesa
A26: Oficina de Tecnologías y Sistemas de Información | B26: =COUNTIF(PAI!G:G,A26) -> 2 | C26: =COUNTIF(Gestión!A:A,A26) -> 0 | D26: =COUNTIFS(PAI!G:G,A26,PAI!#REF!,FALSE) -> #REF! | E26: =COUNTIFS(PAI!G:G,A26,PAI!#REF!,FALSE) -> #REF! | F26: =COUNTIFS(Gestión!A:A,A26,Gestión!B:B,FALSE) -> 0 | G26: =COUNTIFS(Gestión!A:A,A26,Gestión!C:C,FALSE) -> 0 | H26: =IFERROR(AVERAGE(D26:E26)/B26,1) -> 1 | I26: =IFERROR(AVERAGE(F26:G26)/C26,1) -> 1 | K26: En el indicador T60, por favor incluir una descripción cualitativa del estado de avance en el campo de Análisis del indicador
A27: Vicepresidencia Corporativa | B27: =COUNTIF(PAI!G:G,A27) -> 3 | C27: =COUNTIF(Gestión!A:A,A27) -> 0 | D27: =COUNTIFS(PAI!G:G,A27,PAI!#REF!,FALSE) -> #REF! | E27: =COUNTIFS(PAI!G:G,A27,PAI!#REF!,FALSE) -> #REF! | F27: =COUNTIFS(Gestión!A:A,A27,Gestión!B:B,FALSE) -> 0 | G27: =COUNTIFS(Gestión!A:A,A27,Gestión!C:C,FALSE) -> 0 | H27: =IFERROR(AVERAGE(D27:E27)/B27,1) -> 1 | I27: =IFERROR(AVERAGE(F27:G27)/C27,1) -> 1 | L27: Creo que, o bien cambiamos los indicadores a Gestión, o bien les pedimos un verdadero plan anual | M27: Mesa

Sheet Gestión
A1: {=[1]Indicadores!$G$6:$G$55} -> Dirección Administrativa | B1: {=[1]Indicadores!$V$6:$W$55} -> FALSE | C1: FALSE
A2: Dirección Administrativa | B2: FALSE | C2: FALSE
A3: Dirección Administrativa | B3: FALSE | C3: FALSE
A4: Dirección Administrativa | B4: FALSE | C4: FALSE
A5: Dirección Administrativa | B5: FALSE | C5: FALSE
A6: Dirección Administrativa | B6: FALSE | C6: FALSE
A7: Dirección Administrativa | B7: FALSE | C7: FALSE
A8: Dirección Administrativa | B8: FALSE | C8: FALSE
A9: Dirección Comercial | B9: FALSE | C9: FALSE
A10: Dirección Comercial | B10: FALSE | C10: FALSE
A11: Dirección de Analítica, Alistamiento y Valoración | B11: FALSE | C11: FALSE
A12: Dirección de Analítica, Alistamiento y Valoración | B12: FALSE | C12: FALSE
A13: Dirección de Analítica, Alistamiento y Valoración | B13: FALSE | C13: FALSE
... A50: Oficina de Integridad, Anticorrupción y Cumplimiento | B50: FALSE | C50: FALSE

Sheet Datos
C1: FORMATO PLAN DE ACCIÓN INSTITUCIONAL PROCESO GOBIERNO Y GESTIÓN DE LA ESTRATEGIA MACROPROCESO DIRECCIONAMIENTO ESTRATÉGICO | E1: Código: F-DE2-118 Versión No.: 05 Vigencia desde: 29 – 03- 2023
A4: DATOS DE PARAMETRIZACIÓN
B10: Dimensión | C10: Objetivos_Estratégicos | D10: Iniciativas | E10: Iniciativas_Objetivo1 | F10: Iniciativas_Objetivo2 | G10: Iniciativas_Objetivo3 | H10: Iniciativas_Objetivo4 | I10: Iniciativas_Objetivo5 | J10: Iniciativas_Objetivo6 | K10: Iniciativas_Objetivo7 | L10: Iniciativas_Objetivo8 | M10: Iniciativas_Objetivo9 | N10: Iniciativas_Objetivo10 | O10: Iniciativas_Objetivo11 | P10: Iniciativas_Objetivo12 | Q10: Iniciativas_Objetivo13 | R10: Proceso
B11: Productiva, social y ambiental | C11: 01. Democratizar los activos administrados por la SAE a través de mecanismos de disposición temporal y definitiva que permitan la creación de valor público, social y ambiental; aporten al desarrollo territorial y productivo y garanticen la función social y ecológica de la propiedad. | D11: Adelantar entrega de activos por mecanismos de disposición temporal y/o definitiva, priorizando los procesos productivos, sociales, ambientales, así como la atención ante emergencias y desastres producto de fenómenos de variabilidad climática | E11: Adelantar entrega de activos por mecanismos de disposición temporal y/o definitiva, priorizando los procesos productivos, sociales, ambientales, así como la atención ante emergencias y desastres producto de fenómenos de variabilidad climática | F11: Implementar proyectos estratégicos con enfoque productivo, social y ambiental que permitan la creación de valor. | G11: Cumplimiento de transferencias de recursos a la Nación establecidas en la ley . | H11: Generar ingresos producto de la administración o disposición temporal de activos | I11: Gestionar la recuperación de cartera producto de la administración de activos. | J11: Diversificar estrategias y canales de información pública dirigidos a la ciudadanía | K11: Generar alianzas estratégicas para el cumplimiento de los objetivos institucionales de SAE | L11: Realizar y participar en eventos comerciales, corporativos, académicos o estratégicos para el buen posicionamiento de SAE | M11: Impulsar la modificación normativa necesaria para el fortalecimiento del modelo operacional de SAE y el cumplimiento de sus objetivos estratégicos | N11: Fortalecer y/o integrar los sistemas de información e información digital empleada por SAE para contribuir al adecuado funcionamiento de la Sociedad | O11: Estandarizar, actualizar y mejorar la información del inventario de activos administrados por SAE y otras bases de datos con criterios de calidad y oportunidad | P11: Crear mecanismos de mejora del ambiente laboral y aumento del bienestar laboral de colaboradores de SAE | Q11: Promocionar de acciones de gestión del conocimiento interno y externo entre colaboradores de SAE | R11: Direccionamiento estratégico
B12: Financiera | C12: 02. Fomentar las economías populares y comunitarias a partir de proyectos estratégicos que generen valor público, social y ambiental. | D12: Garantizar la inclusión de comunidades, organizaciones sociales y economías populares en condición de vulnerabilidad en los mecanismos de administración existentes | E12: Garantizar la inclusión de comunidades, organizaciones sociales y economías populares en condición de vulnerabilidad en los mecanismos de administración existentes | H12: Adelantar procesos de comercialización y venta de activos | J12: Generar espacios de participación ciudadana y diálogo social con los grupos de interés de SAE | L12: Implementar estrategias de comunicación y posicionamiento de SAE desde un enfoque productivo, social y ambiental | M12: Estandarizar, optimizar y automatizar procesos de SAE de acuerdo a nuevo modelo operacional | P12: Implementar mecanismos para el desarrollo personal y profesional de los trabajadores de SAE | R12: Relacionamiento estratégico y alianzas público - populares
B13: Grupos de Interés | C13: 03. Garantizar la efectiva transferencia de recursos a la Nación, en concordancia con lo establecido en la ley y contribuyendo a los propósitos del Plan Nacional de Desarrollo. | D13: Reconocer población beneficiaria y afectada con los mecanismos de administración | E13: Reconocer población beneficiaria y afectada con los mecanismos de administración | H13: Diversificar y fortalecer el portafolio de inversiones de la SAE. | L13: Diseñar estrategias de medición de percepción de calidad y/o oportunidad del servicio ofrecido por SAE a nivel externo e interno | M13: Fortalecer estrategias y espacios de control , seguimiento y aseguramiento en el marco de la misionalidad de SAE | R13: Gestión del talento humano
B14: Procesos | C14: 04. Generar rentabilidad económica a partir de la diversificación de ingresos, para la inversión social y la lucha contra el crimen organizado. | D14: Implementar proyectos estratégicos con enfoque productivo, social y ambiental que permitan la creación de valor. | H14: Crear nuevas líneas de negocio que aumenten los ingresos de la Sociedad. | M14: Crear espacios de innovación y mejora que coadyuven a los objetivos estratégicos de SAE | R14: Tecnologías de la información
B15: Aprendizaje y Desarrollo | C15: 05. Garantizar la recuperación de cartera por procesos de cobro persuasivo y judicialización. | D15: Cumplimiento de transferencias de recursos a la Nación establecidas en la ley . | H15: Fortalecer el modelo de seguimiento y control de los recursos económicos | R15: Comunicación estratégica y atención a las ciudadanías
C16: 06. Garantizar el acceso a la información pública, la participación ciudadana y el diálogo social entre la SAE y poblaciones constitucionalmente protegidas y demás grupos de interés, con principios de inclusión, transparencia, calidad y consistencia. | D16: Generar ingresos producto de la administración o disposición temporal de activos | H16: Diseñar y/o implementar estrategias de ahorro en la administración de activos. | R16: Recepción y registro
C17: 07. Promover la creación de alianzas público populares, comunitarias, cooperativas, corporativas y de cooperación internacional, que permitan el uso y el goce de bienes y servicios de la SAE por parte de sus grupos de interés, así como su fortalecimiento institucional. | D17: Adelantar procesos de comercialización y venta de activos | R17: Diagnóstico y alistamiento
C18: 08. Posicionar a la SAE como una entidad líder en la administración transparente de activos a nivel local, nacional e internacional con enfoque social, ambiental y productivo | D18: Diversificar y fortalecer el portafolio de inversiones de la SAE. | R18: Disposición temporal de activos no sociales
C19: 09. Garantizar la mejora continua del modelo de operación de la SAE basado en acciones de optimización, automatización, control y articulación de procesos contribuyendo a la reducción de tiempos, la transparencia en la operación y el cumplimiento de objetivos institucionales. | D19: Crear nuevas líneas de negocio que aumenten los ingresos de la Sociedad. | R19: Gestión del portafolio de sociedades
C20: 10. Diseñar, desarrollar e implementar la estrategia de transición digital que propenda por la transparencia y adecuada administración de los activos. | D20: Fortalecer el modelo de seguimiento y control de los recursos económicos | R20: Disposición o democratización final de activos
C21: 11. Estandarizar, actualizar y mejorar la información del inventario de activos administrados por la SAE con criterios de calidad y oportunidad. | D21: Diseñar y/o implementar estrategias de ahorro en la administración de activos. | R21: Gestión administrativa
C22: 12. Fomentar un bienestar laboral armónico de acuerdo con los valores institucionales y las necesidades de los trabajadores de SAE. | D22: Gestionar la recuperación de cartera producto de la administración de activos. | R22: Gestión financiera
C23: 13. Desarrollar y potenciar las habilidades, competencias y conocimiento del talento humano de SAE a través de procesos de gestión de conocimiento y gestión del cambio. | D23: Diversificar estrategias y canales de información pública dirigidos a la ciudadanía | R23: Mantenimiento y soporte
D24: Generar espacios de participación ciudadana y diálogo social con los grupos de interés de SAE | R24: Gestión contractual
D25: Generar alianzas estratégicas para el cumplimiento de los objetivos institucionales de SAE | R25: Gestión documental
D26: Realizar y participar en eventos comerciales, corporativos, académicos o estratégicos para el buen posicionamiento de SAE | R26: Gestión jurídica
D27: Implementar estrategias de comunicación y posicionamiento de SAE desde un enfoque productivo, social y ambiental | R27: Seguimiento y evaluación
D28: Diseñar estrategias de medición de percepción de calidad y/o oportunidad del servicio ofrecido por SAE a nivel externo e interno | R28: Gestión del cumplimiento
D29: Impulsar la modificación normativa necesaria para el fortalecimiento del modelo operacional de SAE y el cumplimiento de sus objetivos estratégicos
D30: Estandarizar, optimizar y automatizar procesos de SAE de acuerdo a nuevo modelo operacional
D31: Fortalecer estrategias y espacios de control , seguimiento y aseguramiento en el marco de la misionalidad de SAE
D32: Crear espacios de innovación y mejora que coadyuven a los objetivos estratégicos de SAE
D33: Fortalecer y/o integrar los sistemas de información e información digital empleada por SAE para contribuir al adecuado funcionamiento de la Sociedad
D34: Estandarizar, actualizar y mejorar la información del inventario de activos administrados por SAE y otras bases de datos con criterios de calidad y oportunidad
D35: Crear mecanismos de mejora del ambiente laboral y aumento del bienestar laboral de colaboradores de SAE
D36: Implementar mecanismos para el desarrollo personal y profesional de los trabajadores de SAE
D37: Promocionar de acciones de gestión del conocimiento interno y externo entre colaboradores de SAE
